 Dungeon Crawl Stone Soup version 0.30-a0-393-g54b8e3be05 (webtiles) character file.

Game seed: 15971900004903740229

928533 Depression the Grand Scion (level 27, -12/167 (217) HPs)
             Began as a Demonspawn Monk on Dec 5, 2022.
             Was a High Priest of Hepliaklqana.
             Killed from afar by a quicksilver elemental (33 damage)
             ... with a bolt of dispelling energy
             ... on level 1 of the Iron City of Dis on Dec 6, 2022.
             The game lasted 07:59:00 (63283 turns).

Depression the Grand Scion (Demonspawn Monk)       Turns: 63283, Time: 07:59:00

HP:   -12/167 (217) AC: 27    Str: 17    XL:     27
MP:   0/37          EV: 25    Int: 11    God:    Hepliaklqana [*****.]
Gold: 5989          SH:  0    Dex: 25    Spells: 33/56 levels left

rFire   + + .      SeeInvis .    D - +11 rapier "Huotuss" {vorpal, rC+++ rCorr Str-2 Stlth+}
rCold   + + +      Faith    .    (no shield)
rNeg    + + +      Spirit   +    l - +10 pearl dragon scales {rN+}
rPois   .          Reflect  .    (helmet restricted)
rElec   +          Harm     .    i - scarf {rC+ rF+}
rCorr   +          Rampage  .    (gloves unavailable)
Will    +++++      Clarity  +    B - +2 pair of boots "Bufrain" {rElec rC- Regen+ Str+5}
Stlth   ++++++++..               A - amulet "Ginaugey" {RegenMP rN+}
HPRegen 2.27/turn                F - ring "Haebuuph" {Will++ rCorr}
MPRegen 0.90/turn                J - ring "Esov" {rF+ rC+ rN+ Dex-3 Stlth+}

@: studying 4 skills, heavily drained, corroded
A: reduced essence, rugged brown scales 3, hurl damnation, powered by death 3,
torment resistance 1, magic shield, magic regeneration, magic link, demonic
willpower, demonic touch 3, antennae 1, talons 1, clarity, low MP 1, mutation
resistance 1, no potion heal 2, MP-powered wands
}: 11/15 runes: barnacled, slimy, silver, bone, abyssal, demonic, glowing,
magical, fiery, dark, gossamer
a: Hurl Damnation, Renounce Religion, Recall Ancestor, Ancestor Identity,
Transference, Idealise


You were on level 1 of the Iron City of Dis.
You worshipped Hepliaklqana.
Hepliaklqana was extremely pleased with you.
You visited 15 branches of the dungeon, and saw 69 of its levels.
You visited Pandemonium 1 time, and saw 17 of its levels.
You visited the Abyss 2 times.
You visited 1 ziggurat, and saw 5 of its levels.
You also visited: Trove, Bailey and Gauntlet.

You collected 10264 gold pieces.
You spent 4275 gold pieces at shops.

Inventory:

Hand Weapons
 D - the +11 rapier "Huotuss" (weapon) {vorpal, rC+++ rCorr Str-2 Stlth+}
   (You bought it in a shop on level 7 of the Dungeon)

   It inflicts extra damage upon your enemies.
   Str:       It affects your strength (-2).
   rC:        It renders you almost immune to cold.
   rCorr:     It protects you from acid and corrosion.
   Stlth:     It makes you more stealthy.
Missiles
 v - 18 throwing nets
 O - 20 javelins
Armour
 e - the +1 shadow dragon scales of Sangul {Regen+ Dex+3 Stlth++++, Stlth+}
   (You found it in a bailey)

   Dex:       It affects your dexterity (+3).
   Regen:     It increases your rate of health regeneration.
   Stlth:     It makes you much more stealthy.
 i - a scarf of resistance (worn)
 l - +10 pearl dragon scales (worn) {rN+}
 m - a scarf of repulsion
 B - the +2 pair of boots "Bufrain" (worn) {rElec rC- Regen+ Str+5}
   (You found it on level 5 of the Vaults)

   Str:       It affects your strength (+5).
   rC:        It makes you vulnerable to cold.
   rElec:     It insulates you from electricity.
   Regen:     It increases your rate of health regeneration.
 R - the +0 helmet "Heume" {Rampage rPois Str-5 Slay+4}
   (You found it on level 4 of the Shoals)

   Str:       It affects your strength (-5).
   Slay:      It affects your accuracy & damage with ranged weapons and melee
   (+4).
   rPois:     It protects you from poison.
   Rampage:   It bestows one free step when moving towards enemies.
Jewellery
 k - the ring "Wiggoick" {Int+4 SInv}
   (You found it in a treasure trove)

   [ring of see invisible]

   Int:       It affects your intelligence (+4).
   SInv:      It lets you see invisible.
 A - the amulet "Ginaugey" (around neck) {RegenMP rN+}
   (You took it off a vault guard on level 5 of the Vaults)

   [amulet of magic regeneration]

   It increases your rate of magic regeneration.
   rN:        It protects you from negative energy.
 F - the ring "Haebuuph" (left hand) {Will++ rCorr}
   (You found it on level 5 of the Vaults)

   [ring of resist corrosion]

   rCorr:     It protects you from acid and corrosion.
   Will:      It greatly increases your willpower.
 H - the ring of Bouwizon {rC+ rCorr Str+6}
   (You found it in Pandemonium)

   [ring of strength]

   Str:       It affects your strength (+6).
   rC:        It protects you from cold.
   rCorr:     It protects you from acid and corrosion.
 J - the ring "Esov" (right hand) {rF+ rC+ rN+ Dex-3 Stlth+}
   (You found it on level 5 of the Pits of Slime)

   [ring of protection from fire]

   Dex:       It affects your dexterity (-3).
   rF:        It protects you from fire.
   rC:        It protects you from cold.
   rN:        It protects you from negative energy.
   Stlth:     It makes you more stealthy.
Wands
 j - a wand of acid (10)
 z - a wand of digging (4)
 I - a wand of paralysis (94)
 Y - a wand of roots (55)
Scrolls
 f - 12 scrolls of poison
 h - 11 scrolls of enchant weapon
 o - 8 scrolls of immolation
 q - 26 scrolls of teleportation
 s - a scroll of enchant armour
 y - 13 scrolls of butterflies
 E - 9 scrolls of summoning
 K - 4 scrolls of magic mapping
 P - a scroll of blinking
 Q - 10 scrolls of brand weapon
 S - 5 scrolls of silence
 Z - 6 scrolls of fear
Potions
 a - 31 potions of curing
 b - 4 potions of berserk rage
 c - 17 potions of ambrosia
 d - 6 potions of cancellation
 n - 11 potions of flight
 r - 3 potions of invisibility
 t - 7 potions of might
 w - 4 potions of haste
 x - 8 potions of brilliance
 L - 5 potions of heal wounds
 M - 6 potions of magic
 N - 13 potions of mutation
 W - a potion of resistance
 X - 12 potions of lignification
Miscellaneous
 g - a box of beasts
 u - a lightning rod (4/4)
 C - a condenser vane (inert)
 G - a phantom mirror (inert)
 V - a phial of floods


   Skills:
 - Level 20.0 Fighting
 + Level 15.4(15.7) Short Blades
 - Level 5.0(11.2) Long Blades
 - Level 20.0 Armour
 - Level 20.0 Dodging
 - Level 20.0 Stealth
 - Level 10.0 Unarmed Combat
 - Level 15.0 Spellcasting
 - Level 5.0 Hexes
 - Level 15.0 Translocations
 - Level 5.0 Transmutations
 - Level 5.0 Air Magic
 - Level 21.0 Invocations
 - Level 20.0 Evocations


You had 33 spell levels left.
You knew the following spells:

 Your Spells              Type           Power      Damage    Failure   Level
a - Vhi's Electric Charg  Tloc/Air       60%        N/A       1%          3
b - Blink                 Tloc           82%        N/A       1%          2
c - Beastly Appendage     Tmut           38%        N/A       2%          1
d - Wereblood             Tmut           19%        N/A       3%          2
e - Manifold Assault      Tloc           41%        N/A       1%          4
f - Yara's Violent Unrav  Hex/Tmut       9%         3d6       54%         5
g - Dispersal             Tloc           20%        N/A       6%          6

Your spell library contained the following spells:

 Spells                   Type           Power      Damage    Failure   Level
 Gell's Gravitas          Tloc           41%        N/A       1%          3
 Portal Projectile        Hex/Tloc       60%        N/A       1%          3
 Teleport Other           Tloc           41%        N/A       1%          3
 Kindle Blastsparks       Fire/Tloc/Air  44%        2d13      3%          3
 Confusing Touch          Hex            19%        N/A       7%          3
 Iskenderun's Mystic Bla  Conj/Tloc      24%        2d7       9%          4
 Passwall                 Tmut/Erth      10%        N/A       10%         2
 Static Discharge         Conj/Air       26%        2-4/arc   10%         2
 Foxfire                  Conj/Fire      32%        2x1d5     19%         1
 Kiss of Death            Conj/Necr      32%        2d7       19%         1
 Magic Dart               Conj           32%        1d4       19%         1
 Necrotise                Necr           32%        1d5       19%         1
 Sandblast                Erth           16%        2d6       19%         1
 Dazzling Flash           Conj/Hex       26%        N/A       19%         3
 Spider Form              Tmut/Pois      13%        N/A       19%         3
 Airstrike                Air            9%         2d(2-18)  22%         4
 Cause Fear               Hex            9%         N/A       22%         4
 Summon Forest            Summ/Tloc      12%        N/A       22%         5
 Scorch                   Fire           16%        2d6       26%         2
 Searing Ray              Conj           16%        2d5       26%         2
 Ignite Poison            Fire/Tmut/Pois 11%        N/A       28%         3
 Call Canine Familiar     Summ           8%         N/A       47%         3
 Hailstorm                Conj/Ice       8%         3d4       47%         3
 Ozocubu's Armour         Ice            8%         N/A       47%         3
 Stone Arrow              Conj/Erth      16%        3d8       47%         3
 Vampiric Draining        Necr           8%         2d6       47%         3
 Anguish                  Hex/Necr       6%         N/A       54%         4
 Fulminant Prism          Conj/Hex       6%         3d6       54%         4
 Ice Form                 Ice/Tmut       13%        N/A       54%         4
 Leda's Liquefaction      Hex/Erth       6%         N/A       54%         4
 Summon Lightning Spire   Summ/Air       13%        N/A       54%         4
 Blade Hands              Tmut           9%         N/A       54%         5
 Animate Armour           Summ/Erth      16%        N/A       87%         4
 Animate Dead             Necr           8%         N/A       87%         4
 Dispel Undead            Necr           8%         3d8       87%         4
 Flame Wave               Conj/Fire      8%         2d5       87%         4
 Summon Ice Beast         Ice/Summ       8%         N/A       87%         4
 Alistair's Intoxication  Tmut/Pois      8%         N/A       87%         5
 Arcjolt                  Conj/Air       6%         1d16      87%         5
 Lightning Bolt           Conj/Air       6%         1d18      87%         5
 Summon Mana Viper        Hex/Summ       13%        N/A       87%         5
 Freezing Cloud           Conj/Ice/Air   5%         6-21      95%         5
 Agony                    Necr           8%         N/A       99%         5
 Borgnjor's Vile Clutch   Necr/Erth      4%         N/A       99%         5
 Fireball                 Conj/Fire      4%         3d4       99%         5
 Lee's Rapid Deconstruct  Erth           4%         3d5*      99%         5
 Death Channel            Necr           4%         N/A       100%        6
 Eringya's Noxious Bog    Tmut/Pois      6%         N/A       100%        6
 Iron Shot                Conj/Erth      4%         9d2       100%        6
 Simulacrum               Ice/Necr       4%         N/A       100%        6
 Starburst                Conj/Fire      4%         6d3       100%        6
 Statue Form              Tmut/Erth      8%         N/A       100%        6
 Summon Cactus Giant      Summ           4%         N/A       100%        6
 Dragon Form              Tmut           9%         N/A       100%        7
 Enfeeble                 Hex            9%         N/A       100%        7
 Haunt                    Necr/Summ      4%         N/A       100%        7
 Malign Gateway           Summ/Tloc      12%        N/A       100%        7
 Ozocubu's Refrigeration  Ice            4%         4d8       100%        7
 Spellforged Servitor     Conj/Summ      4%         N/A       100%        7
 Storm Form               Tmut/Air       9%         N/A       100%        7
 Infestation              Necr           4%         N/A       100%        8
 Lehudib's Crystal Spear  Conj/Erth      4%         10d3      100%        8
 Maxwell's Capacitive Co  Air            9%         ∞         100%        8
 Summon Horrible Things   Summ           4%         N/A       100%        8
 Dragon's Call            Summ           4%         N/A       100%        9
 Polar Vortex             Ice            4%         N/A       100%        9


Dungeon Overview and Level Annotations

Branches:
Dungeon (15/15) Zot: 24840  Temple (1/1) D:4 Zot: 5998    Lair (5/5) D:8 Zot: 23967
 Shoals (4/4) Lair:3 Zot: 20301  Spider (4/4) Lair:2 Zot: 20277   Slime (5/5) Lair:4 Zot: 26353
    Orc (2/2) D:11 Zot: 10429     Elf (3/3) Orc:2 Zot: 15447  Vaults (5/5) D:14 Zot: 23298
  Crypt (0/3) Vaults:3     Depths (4/4) D:15 Zot: 19277    Hell (visited)
    Dis (1/7) Hell Zot: 26986     Geh (0/7) Hell            Coc (7/7) Hell Zot: 26986
    Tar (7/7) Hell Zot: 26986     Zot (5/5) Depths:4 Zot: 25969  Bailey (visited)
Gauntlet (visited)

Altars:
Ashenzari
Dithmenos
Fedhas
Gozag
Hepliaklqana
Makhleb
Uskayaw
Vehumet
Wu Jian
Xom
Yredelemnul
Jiyva
Lugonu

Shops:
D:2 (   D:3 (   D:7 (   D:11 (   D:13 (   D:14 :   Orc:1 *   Orc:2 [[!?[
Elf:1 ?   Elf:2 *   Elf:3 *((![   Shoals:4 ?   Vaults:3 (   Vaults:5 (
Depths:1 *   Depths:2 !

Portals:
Hell: Depths:1 Depths:2 Depths:3 Depths:4
Abyss: Lair:5 Depths:1 Depths:3 Depths:4
Pandemonium: Depths:2

Annotations:
D:3 Grinder


Innate Abilities, Weirdness & Mutations

Your life essence is reduced to manifest your ancestor. (-10% HP)
You are completely covered in rugged brown scales. (AC +3, +7% HP)
You can hurl damnation.
You regenerate a lot of health from kills.
You are resistant to unholy torment.
When hurt, damage is shared between your health and your magic reserves.
You regenerate magic rapidly.
When low on magic, you restore magic in place of health.
You punish those that try to bend your will. (Will+)
Your touch may irresistibly damage your foes and sap their willpower.
You have a pair of small antennae on your head.
You have sharp toenails.
You possess an exceptional clarity of mind.
Your magical capacity is low. (-10% MP)
You are somewhat resistant to further mutation.
Potions cannot restore your health.
You expend magic power (3 MP) to strengthen your wands.


Message History

The bolt of dispelling energy hits you!
* * * LOW HITPOINT WARNING * * *
The ancient champion attacks as you move away!
The ancient champion completely misses you.
Tragedy hits the quicksilver elemental with a +0 broad axe of speed!
Tragedy hits the ancient champion with a +0 broad axe of speed!
The ancient champion is destroyed!
The quicksilver elemental hits Tragedy.
Tragedy's magic leaks into the air.
The ancient champion points at you and mumbles some strange words.
The iron shot hits you!!!
* * * LOW MAGIC WARNING * * *;
* * * LOW HITPOINT WARNING * * *
Tragedy hits the quicksilver elemental with a +0 broad axe of speed!
Tragedy blocks the quicksilver elemental's attack.
The ancient champion hits you with a +2 great sword!
* * * LOW MAGIC WARNING * * *;
* * * LOW HITPOINT WARNING * * *
Tragedy hits the quicksilver elemental with a +0 broad axe of speed!
Tragedy hits the ancient champion with a +0 broad axe of speed.
Okay, then.
Hepliaklqana grants Tragedy healing and protection!
Tragedy is fully restored!
* * * LOW MAGIC WARNING * * *
Tragedy barely misses the quicksilver elemental.
Tragedy hits the ancient champion with a +0 broad axe of speed!
Tragedy blocks the quicksilver elemental's attack.
The ancient champion mumbles some strange words.
The ancient champion seems to speed up.
Tragedy misses the quicksilver elemental.
Tragedy hits the ancient champion with a +0 broad axe of speed!!
Casting: Dispersal (dangerous; 6% risk of failure)
Confirm with . or Enter, or press ? or * to list all spells.
Casting: Dispersal (dangerous; 6% risk of failure)
Press: ? - help, Dir - look around, f - activate Tragedy blinks!
The ancient champion blinks!
The quicksilver elemental blinks!
* * * LOW MAGIC WARNING * * *
The ancient champion completely misses you.
The quicksilver elemental breathes dispelling energy at you.
The bolt of dispelling energy hits you!!!
* * * LOW MAGIC WARNING * * *
You die...

########
#...^..###
#.........
#.........
#.........
#..§......
#)@§...>..
#.z....R..
#..§......
#.........
#.......E.
##########


You could see the friendly Tragedy the knight (fast, idealised, magic disrupted,
reflecting), a quicksilver elemental (catching breath, ally target) and an
ancient champion (fast).

Vanquished Creatures
  Cerebov (Pan)
  the Royal Jelly (Slime:5)
  Ereshkigal (Tar:7)
  Mnoleg (Pan)
  Lom Lobon (Pan)
  A dread lich (Vaults:5)
  An ancient lich (Vaults:3)
  An orb of fire (Zot:3)
  2 pandemonium lords
  5 curse toes
  6 golden dragons
  Nikola (Shoals:3)
  Geryon (Hell)
  3 profane servitors
  9 bone dragons
  8 Tzitzimimeh
  2 electric golems
  A doom hound (Tar:5)
  Jorgrun (Orc:1)
  7 Ice Fiends
  4 Brimstone Fiends (Pan)
  A spectral shard shrike (Tar:6)
  3 Hell Sentinels
  7 tentacled monstrosities
  Zenata (Vaults:2)
  Rupert (Lair:5)
  Asterion (Spider:4)
  Mlioglotl (Shoals:1)
  6 tainted leviathans
  14 titans
  4 liches
  4 quicksilver dragons
  A walking frostbound tome (Depths:3)
  A deep elf blademaster (Elf:3)
  4 ancient champions (Hell)
  15 acid blobs
  10 Executioners (Pan)
  A tentacled starspawn (Abyss:4)
  7 death cobs
  A sphinx (Depths:2)
  Agnes (Spider:4)
  12 shadow dragons
  3 tengu reavers
  Frances (Shoals:1)
  15 storm dragons
  11 azure jellies
  9 draconian monks
  5 rockslimes
  Roxanne (Spider:4)
  2 draconian knights
  3 demonspawn warmongers (Pan)
  2 narguns (Coc:1)
  5 fire giants
  The ghost of cndvsk the Warrior, a journeyman MiFi of Okawaru (Spider:1)
  13 balrugs (Pan)
  6 emperor scorpions
  4 draconian scorchers
  8 cacodemons (Pan)
  4 frost giants
  A shard shrike simulacrum (Coc:4)
  Louise (Shoals:4)
  4 ghost moths
  8 deep elf sorcerers
  A spectral juggernaut (Tar:4)
  6 vault wardens
  4 draconian annihilators
  4 draconian shifters
  3 draconian stormcallers
  6 reapers
  A juggernaut skeleton (Pan)
  2 spriggan defenders
  2 demonspawn corrupters (Pan)
  5 war gargoyles
  6 quicksilver oozes
  10 very ugly things
  5 ironbound thunderhulks
  2 demonspawn blood saints (Pan)
  Azrael (Spider:3)
  12 ironbound preservers
  3 lorocyprocas (Pan)
  2 demonspawn black suns (Pan)
  13 stone giants
  5 green draconians
  15 black draconians
  5 deep elf demonologists
  8 putrid mouths
  12 yellow draconians
  4 vampire knights
  19 purple draconians
  14 red draconians
  8 deep elf annihilators
  8 dire elephants
  8 white draconians
  A spark wasp (Spider:2)
  2 wendigos
  2 iron golems (Hell)
  3 fire dragons
  7 blizzard demons
  4 eidola
  6 merfolk impalers
  3 merfolk javelineers
  5 green deaths (Pan)
  14 ettins
  3 deep elf death magi
  A spectral quicksilver dragon (Tar:3)
  2 spectral spriggans
  4 deep elf high priests
  5 yaktaur captains
  A spriggan zombie (Hell)
  2 entropy weavers
  A caustic shrike simulacrum (Coc:3)
  3 rakshasas
  A salamander tyrant (Zig:2)
  6 spriggan air magi
  A juggernaut simulacrum (Coc:3)
  3 peacekeepers
  7 hydras
  Harold (D:10)
  An ice dragon (Depths:4)
  8 great orbs of eyes
  25 vault guards
  2 radroaches (Spider:4)
  2 catoblepae (Lair:5)
  4 hell beasts (Pan)
  5 boulder beetles
  A spectral fire giant (D:14)
  6 ogre magi
  25 two-headed ogres
  8 centaur warriors
  6 ironbound frosthearts
  2 alligator snapping turtles (Shoals:4)
  A jorogumo (Spider:1)
  A merfolk aquamancer (Shoals:4)
  4 merfolk avatars
  2 fenstrider witch skeletons (Pan)
  2 deep troll shamans (Depths:4)
  5 satyrs
  4 tengu warriors
  A spectral dire elephant (Tar:2)
  A spectral stone giant (Tar:5)
  A vampire mage (Depths:1)
  4 deep troll earth magi
  2 death knights (D:14)
  12 death yaks
  3 hell hogs
  17 dancing weapons
  A crystal echidna (Hell)
  7 hell knights (Hell)
  Urug (D:11)
  A naga sharpshooter (Zig:2)
  2 spriggan berserkers (Depths:2)
  32 sun demons
  Nergalle (Orc:1)
  An iron troll (Depths:4)
  18 deep elf knights
  2 shock serpents (Pan)
  3 pharaoh ants
  9 shadow wraiths
  19 soul eaters
  3 thrashing horrors
  A titan skeleton (Pan)
  Lodul (D:11)
  11 sixfirhies
  4 skeletal warriors (D:13)
  14 sea snakes
  5 glowing orange brains
  33 deep trolls
  2 storm dragon skeletons
  8 wizards
  5 shadow demons (Pan)
  A spectral anaconda (Tar:1)
  A death drake (Depths:4)
  20 large abominations
  9 deep elf archers
  2 flayed ghosts
  8 steelbarb worms
  3 orange crystal statues (Hell)
  5 orb spiders
  3 orc knights
  11 ironbound convokers
  4 lindwurms
  6 necromancers
  A harpy (shapeshifter) (Lair:5)
  An obsidian statue (Vaults:2)
  6 phantasmal warriors
  20 harpies
  An anaconda skeleton (Pan)
  A golden dragon skeleton (Depths:3)
  17 deep elf pyromancers
  16 wolf spiders
  22 deep elf zephyrmancers
  9 manticores
  A fire giant zombie (Depths:3)
  An oklob plant (Shoals:1)
  A spectral ettin (Tar:3)
  22 moths of wrath
  10 fauns
  4 cyclopes
  10 elephants
  40 ugly things
  3 worldbinders (Abyss:4)
  10 vault sentinels
  12 merfolk sirens
  14 smoke demons
  A draconian skeleton (Pan)
  6 eyes of devastation
  2 torpor snails
  A dire elephant skeleton (Hell)
  4 water nymphs
  A black mamba (Lair:5)
  A titan simulacrum (Coc:4)
  A centaur skeleton (Pan)
  3 hellions (Pan)
  11 orange demons
  15 cane toads
  9 komodo dragons
  10 demonic crawlers
  An alligator snapping turtle skeleton (Hell)
  An unseen horror (D:11)
  3 kobold demonologists
  17 yaktaurs
  10 rime drakes
  6 efreet
  A spectral naga (Tar:1)
  2 sea snake zombies (Hell)
  12 tormentors
  A freezing wraith (Hell)
  3 tengu conjurers (Depths:2)
  16 hellwings (Pan)
  An ancient zyme (Lair:5)
  2 anaconda simulacra
  2 meliai (Lair:4)
  3 red devils
  A spectral harpy (Tar:1)
  3 trolls
  2 hydra zombies (Hell)
  2 silent spectres
  2 shadow dragon simulacra (Depths:3)
  7 wind drakes
  15 tarantellas
  A tyrant leech (shapeshifter) (Vaults:5)
  31 merfolk
  3 polar bears
  3 raiju
  An iron dragon simulacrum (Coc:1)
  A hornet (D:9)
  83 slime creatures
  An alligator zombie (Hell)
  A tarantella (shapeshifter) (Vaults:2)
  5 snapping turtles
  20 blink frogs
  10 dream sheep
  17 jumping spiders
  A spriggan (Lair:5)
  4 air elementals
  52 yaks
  A dire elephant simulacrum (Coc:5)
  12 culicivoras
  2 centaur simulacra
  6 fire elementals
  9 wyverns
  A vampire (D:12)
  16 ynoxinuls
  3 starcursed masses
  23 water elementals
  4 fire bats (Gauntlet)
  2 steam dragons
  An alligator snapping turtle simulacrum (Coc:3)
  A hog (D:12)
  A golden eye (shapeshifter) (Vaults:5)
  33 redbacks
  8 golden eyes
  9 basilisks
  8 chaos spawn
  8 neqoxecs (Pan)
  6 vampire mosquitoes
  10 harpy simulacra
  7 acid dragons
  A naga (Zig:2)
  5 hell hounds
  16 water moccasins
  A floating eye (Depths:2)
  A hydra simulacrum (Coc:4)
  A naga skeleton (Pan)
  3 black bears
  5 orc warriors
  A sky beast (D:7)
  An ice beast (D:7)
  12 small abominations
  20 ogres
  9 wolves
  5 boggarts (D:14)
  2 centaurs
  A phantom (D:7)
  4 kobold brigands
  An earth elemental (Elf:2)
  A gnoll sergeant (D:8)
  8 bullfrogs
  A scorpion (D:7)
  20 killer bees
  7 howler monkeys
  5 electric eels
  A quasit (Abyss:4)
  A hound (D:5)
  2 jellies
  2 orc priests
  Jessica (D:3)
  3 iguanas
  4 orc wizards
  14 hell rats
  10 gnolls
  3 adders
  2 worms (D:2)
  A dart slug (D:3)
  30 orcs
  4 bats
  4 endoplasms
  2 giant cockroaches
  2 goblins
  6 hobgoblins
  6 jackals
  13 kobolds
  2 quokkas
  3 training dummies (D:13)
  2 ball pythons
  2 frilled lizards
  4 rats
  3 ball lightnings (Pan)
  A creeping inferno (Hell)
  3 fire vortices (Hell)
  3 tentacles (Shoals:4)
2025 creatures vanquished.

Vanquished Creatures (collateral kills)
  Gloorx Vloq (Pan)
  2 dread liches
  Mennas (Pan)
  An orb of fire (Zot:3)
  2 pandemonium lords (Pan)
  Parghit (Zot:2)
  A golden dragon (Depths:3)
  The ghost of Mandevil the Grappler, an adept TrEE of Cheibriados (Vaults:2)
  2 electric golems
  2 profane servitors
  9 bone dragons
  4 doom hounds
  A pearl dragon (Depths:1)
  Arachne (Spider:4)
  4 Tzitzimimeh
  7 tentacled monstrosities
  7 tainted leviathans
  A Hell Sentinel (Pan)
  2 Ice Fiends
  3 quicksilver dragons
  3 ancient champions
  Murray (Hell)
  7 titans
  4 acid blobs
  3 death cobs
  6 Executioners (Pan)
  A kraken (Shoals:4)
  3 sphinxes
  Kirke (D:12)
  4 draconian monks
  3 tengu reavers
  Donald (Spider:3)
  3 storm dragons (Zot:3)
  A rockslime (Slime:3)
  5 azure jellies
  4 shadow dragons
  3 draconian knights
  Ilsuiw (Shoals:2)
  A fire giant (Vaults:5)
  A fenstrider witch (shapeshifter) (Vaults:5)
  10 vault wardens
  8 frost giants
  A nargun (Coc:1)
  3 emperor scorpions
  An iron dragon (Vaults:5)
  The ghost of Fiank the Severer, a journeyman DsBe of Trog (D:14)
  2 ghost moths (Spider:4)
  2 deep elf sorcerers (Elf:3)
  The ghost of Onkax the Marksspriggan, an adept SpHu of Okawaru (Elf:3)
  9 cacodemons
  6 draconian shifters
  4 deep elf elementalists (Elf:3)
  5 balrugs (Pan)
  2 curse skulls (Pan)
  A spectral caustic shrike (Tar:4)
  An orc warlord (Vaults:1)
  8 ironbound preservers
  2 quicksilver oozes (Slime:5)
  5 draconian annihilators
  A draconian stormcaller (Zot:4)
  3 demonspawn blood saints (Pan)
  2 ironbound thunderhulks (Vaults:1)
  A demonspawn corrupter (Pan)
  2 very ugly things
  3 stone giants
  3 reapers
  An ophan (Depths:1)
  An apis (Depths:1)
  7 black draconians
  4 green draconians
  8 elemental wellsprings
  3 deep elf annihilators
  The ghost of Soborki the Warrior, a journeyman MiBe of Trog (Lair:5)
  4 lorocyprocas
  A red draconian (Zot:4)
  5 demonspawn black suns (Pan)
  A dire elephant (Vaults:2)
  2 vampire knights (Hell)
  4 white draconians
  7 putrid mouths
  A minotaur (Gauntlet)
  4 purple draconians
  A bunyip (Abyss:4)
  A spectral titan (Tar:6)
  5 yellow draconians
  2 spark wasps
  3 deep elf death magi
  3 eidola
  5 ettins
  A green death (Pan)
  2 crystal guardians
  An iron golem (Hell)
  7 merfolk impalers
  8 blizzard demons
  5 merfolk javelineers
  An entropy weaver (Zig:4)
  3 fire dragons
  A shambling mangrove (Abyss:4)
  2 deep elf high priests (Elf:3)
  2 great orbs of eyes
  5 ice dragons
  2 yaktaur captains
  6 rakshasas
  3 hydras
  A radroach (Zig:4)
  Fannar (Lair:3)
  6 vault guards
  A spectral sphinx (D:14)
  A catoblepas (Lair:4)
  The ghost of Cisaothyu the Convoker, a journeyman TeSu of Gozag (Shoals:3)
  3 ironbound frosthearts
  2 ogre magi
  2 juggernaut simulacra (Coc:4)
  2 merfolk aquamancers (Shoals:1)
  A death scarab (Gauntlet)
  11 two-headed ogres
  A satyr (Shoals:3)
  A hell hog (Abyss:4)
  A tengu warrior (D:15)
  4 death yaks
  3 spectral nagas
  2 thrashing horrors
  4 dancing weapons
  3 hell knights (Hell)
  7 soul eaters (Pan)
  22 sun demons
  A shock serpent (Pan)
  Sonja (D:11)
  5 deep elf knights
  A crystal echidna (Hell)
  3 pharaoh ants
  9 shadow wraiths
  An anaconda zombie (Hell)
  2 skeletal warriors
  A sun moth (Zig:4)
  2 sea snakes
  3 sixfirhies
  A spectral bunyip (Tar:2)
  8 deep elf archers
  15 deep trolls
  A death drake (Depths:4)
  3 glowing orange brains
  An orc knight (Bailey)
  A quicksilver dragon simulacrum (Coc:5)
  2 shadow demons (Pan)
  3 spriggan simulacra
  2 steelbarb worms
  2 wizards (Pan)
  2 orb spiders (Spider:4)
  9 deep elf pyromancers
  2 spectral hydras
  7 harpies
  A phantasmal warrior (Depths:1)
  3 necromancers
  9 deep elf zephyrmancers
  6 ironbound convokers
  5 wolf spiders
  14 ugly things
  An oklob plant (Lair:5)
  A faun (Shoals:3)
  2 cyclopes
  2 spectral ettins
  2 elephants
  5 moths of wrath
  A spectral alligator snapping turtle (Tar:2)
  A water nymph (shapeshifter) (Depths:2)
  A worldbinder (Abyss:4)
  5 manticores
  A spectral centaur (Tar:2)
  2 merfolk sirens
  10 smoke demons
  A torpor snail (Lair:2)
  3 cane toads (Lair:1)
  2 water nymphs
  2 vault sentinels
  A centaur skeleton (Pan)
  6 orange demons
  4 hellions
  A rime drake (Lair:4)
  11 yaktaurs
  6 tormentors
  A silent spectre (Zig:5)
  2 komodo dragons
  2 freezing wraiths
  A bunyip simulacrum (Coc:1)
  An ice devil (Pan)
  A tengu conjurer (D:15)
  An efreet (Pan)
  8 demonic crawlers
  8 hellwings (Pan)
  3 ancient zymes
  7 starcursed masses
  A hydra zombie (Hell)
  A queen bee (Lair:4)
  A red devil (Pan)
  A meliai (shapeshifter) (Vaults:5)
  11 merfolk
  3 spectral harpies
  A troll (D:13)
  2 harpy skeletons
  A meliai (Lair:4)
  A hydra skeleton (Pan)
  36 slime creatures
  3 tarantellas
  8 blink frogs
  A snapping turtle (Shoals:1)
  9 dream sheep
  10 jumping spiders
  A wraith (D:7)
  A ynoxinul (Pan)
  Sigmund (D:3)
  3 culicivoras
  An air elemental (Elf:1)
  A spriggan (shapeshifter) (Vaults:5)
  16 water elementals
  12 yaks
  2 dire elephant simulacra
  A steam dragon (Gauntlet)
  2 wyverns (Lair:4)
  18 redbacks
  An alligator skeleton (Hell)
  A golden eye (Slime:5)
  3 basilisks
  A steam dragon (shapeshifter) (Elf:1)
  6 neqoxecs
  12 large abominations
  5 chaos spawn
  3 harpy simulacra
  7 vampire mosquitoes
  2 water moccasins
  2 hell hounds
  2 hydra simulacra
  7 orc warriors
  A black bear (D:7)
  A sky beast (D:7)
  An ettin simulacrum (Coc:1)
  4 small abominations
  16 ogres
  A wolf (Lair:3)
  4 centaurs (Shoals:3)
  4 kobold brigands
  A phantom (D:6)
  2 bullfrogs
  2 scorpions
  2 necrophages
  8 killer bees
  An electric eel (Elf:3)
  2 hounds
  An orc priest (D:7)
  2 iguanas (D:5)
  4 orc wizards
  5 hell rats
  6 gnolls
  An adder (D:6)
  A shadow imp (D:5)
  A white imp (Coc:4)
  28 orcs
  2 endoplasms (D:3)
  A giant cockroach (D:3)
  4 goblins
  A hobgoblin (D:4)
  A jackal (D:5)
  10 kobolds
  A quokka (D:3)
  A bat (D:3)
  12 ball lightnings (Pan)
  4 fire vortices
968 creatures vanquished.

Vanquished Creatures (others)
  2 shard shrikes (Coc:6)
  A titan (Pan)
  An eldritch tentacle (Pan)
  An ancient champion (Hell)
  A demonspawn warmonger (Pan)
  A draconian knight (Zot:2)
  2 draconian annihilators (Pan)
  A reaper (Pan)
  An elemental wellspring (Coc:4)
  2 wendigos
  A deep elf annihilator (Pan)
  A purple draconian (Zot:2)
  2 green deaths (Pan)
  A merfolk impaler (Depths:3)
  A merfolk javelineer (Shoals:4)
  A deep elf high priest (Elf:3)
  A yaktaur captain (Vaults:5)
  3 caustic shrike simulacra
  A rakshasa (Pan)
  A juggernaut simulacrum (Coc:2)
  A spriggan air mage (Pan)
  A deep elf knight (Elf:2)
  A sun demon (Pan)
  A shadow wraith (Pan)
  A necromancer (Hell)
  A spriggan simulacrum (Coc:6)
  A wizard (Pan)
  3 deep elf archers
  2 deep elf zephyrmancers
  A deep elf pyromancer (Elf:2)
  An unseen horror (Tar:7)
  A hellion (Pan)
  A demonic crawler (Pan)
  A golden dragon simulacrum (Coc:2)
  2 hellwings (Pan)
  An anaconda simulacrum (Coc:1)
  A centaur simulacrum (Coc:1)
  A jumping spider (Spider:4)
  A ynoxinul (Pan)
  A dire elephant simulacrum (Coc:2)
  A human (D:12)
  A harpy simulacrum (Coc:6)
  45 knights
  41 ball lightnings (Pan)
  2 fire vortices (Pan)
  29 fungi
  88 plants
  2 starspawn tentacles (Abyss:4)
  12 tentacles (Shoals:4)
  A withered plant (Gauntlet)
272 creatures vanquished.

Grand Total: 3265 creatures vanquished

Notes
Turn   | Place    | Note
-------+----------+-------------------------------------------
     0 | D:1      | Depression the Demonspawn Monk began the quest for the Orb.
     0 | D:1      | Reached XP level 1. HP: 18/18 MP: 1/1
   138 | D:1      | Reached skill level 3 in Long Blades
   138 | D:1      | Reached skill level 2 in Stealth
   236 | D:1      | Gained mutation: Your touch may inflict minor irresistible
                  | damage on your foes. [demonic ancestry]
   236 | D:1      | Reached XP level 2. HP: 24/24 MP: 2/2
   379 | D:1      | Reached skill level 3 in Dodging
   631 | D:2      | Found a faded altar of an unknown god.
   646 | D:2      | Prayed at the altar of an unknown god.
   646 | D:2      | Became a worshipper of Hepliaklqana the Forgotten
   646 | D:2      | Reached * piety under Hepliaklqana
   646 | D:2      | Reached ** piety under Hepliaklqana
   647 | D:2      | Remembered your ancestor Tragedy as a knight
   655 | D:2      | Reached XP level 3. HP: 26/26 MP: 3/3
   821 | D:2      | Reached *** piety under Hepliaklqana
   992 | D:2      | Found Atuikhle's Weapon Shoppe.
  1326 | D:2      | Found a basalt altar of Yredelemnul.
  1334 | D:2      | Reached skill level 4 in Long Blades
  1336 | D:2      | Gained mutation: You regenerate magic rapidly. [demonic
                  | ancestry]
  1336 | D:2      | Reached XP level 4. HP: 24/31 MP: 4/4
  1439 | D:3      | Noticed a +0 dagger
  1441 | D:3      | Noticed a +0 dagger
  1444 | D:3      | Found a hide-covered altar of Uskayaw.
  1498 | D:3      | Noticed Jessica
  1505 | D:3      | Killed Jessica
  1561 | D:3      | Found Pafainun's Weapon Emporium.
  1650 | D:3      | Identified the +0 chain mail of Kleptomania {Harm rPois
                  | rCorr Stlth-}
  1756 | D:3      | Noticed Sigmund
  1767 | D:3      | HP: 6/31 [Sigmund/+3 scythe (4)]
  1771 | D:3      | HP: 1/31 [Sigmund/magic dart (6)]
  1783 | D:3      | HP: 6/31 [Sigmund/magic dart (4)]
  1798 | D:3      | Killed Sigmund
  1799 | D:3      | Reached skill level 5 in Long Blades
  1799 | D:3      | Reached skill level 4 in Fighting
  1799 | D:3      | Gained mutation: You are partially covered in rugged brown
                  | scales. (AC +1, +3% HP) [demonic ancestry]
  1799 | D:3      | Reached XP level 5. HP: 20/39 MP: 5/5
  1799 | D:3      | Gained mutation: You regenerate a little health from kills.
                  | [demonic ancestry]
  1799 | D:3      | Reached XP level 6. HP: 24/45 MP: 6/6
  2002 | D:3      | Noticed Grinder
  2005 | D:3      | Paralysed by Grinder for 4 turns
  2274 | D:3      | Reached skill level 5 in Fighting
  2540 | D:4      | Found a blossoming altar of Fedhas.
  2766 | D:4      | Reached skill level 6 in Fighting
  2890 | D:4      | Reached **** piety under Hepliaklqana
  2978 | D:4      | Found a staircase to the Ecumenical Temple.
  2993 | D:4      | Gained mutation: Your touch may inflict irresistible damage
                  | on your foes. [demonic ancestry]
  2993 | D:4      | Reached XP level 7. HP: 46/54 MP: 7/7
  3273 | D:4      | Learned a level 1 spell: Beastly Appendage
  3276 | D:4      | Learned a level 2 spell: Wereblood
  3919 | Temple   | Entered the Ecumenical Temple
  3934 | D:5      | Entered Level 5 of the Dungeon
  4000 | D:5      | Reached skill level 1 in Spellcasting
  4000 | D:5      | Reached skill level 1 in Transmutations
  4282 | D:5      | Reached skill level 7 in Fighting
  4300 | D:5      | Reached skill level 2 in Spellcasting
  4300 | D:5      | Reached skill level 2 in Transmutations
  5209 | D:6      | Reached XP level 8. HP: 62/62 MP: 11/11
  5604 | D:6      | Reached skill level 3 in Spellcasting
  5604 | D:6      | Reached skill level 3 in Transmutations
  5733 | D:6      | Reached ***** piety under Hepliaklqana
  5800 | D:7      | Found Megg's Antique Weapon Emporium.
  5803 | D:7      | Bought a glowing scimitar for 147 gold pieces
  5806 | D:7      | Bought an ichor-stained rapier for 189 gold pieces
  5806 | D:7      | Identified the +11 rapier "Huotuss" {vorpal, rC+++ rCorr
                  | Str-2 Stlth+} (You bought it in a shop on level 7 of the
                  | Dungeon)
  5931 | D:7      | Reached skill level 8 in Fighting
  5931 | D:7      | Reached skill level 1 in Short Blades
  5987 | D:7      | Reached skill level 3 in Stealth
  5987 | D:7      | Found a shadowy altar of Dithmenos.
  6032 | D:7      | Reached skill level 2 in Short Blades
  6032 | D:7      | Reached skill level 4 in Spellcasting
  6032 | D:7      | Reached skill level 4 in Transmutations
  6032 | D:7      | Noticed a boulder beetle
  6037 | D:7      | Noticed a skeletal warrior
  6041 | D:7      | HP: 10/63 [vampire mosquito (8)]
  6042 | D:7      | HP: 1/63 [vampire mosquito (9)]
  6045 | D:7      | Gained mutation: You regenerate health from kills. [demonic
                  | ancestry]
  6045 | D:7      | Reached XP level 9. HP: 18/68 MP: 15/15
  6055 | D:7      | HP: 15/68 [vampire mosquito (2)]
  6060 | D:7      | HP: 6/68 [vampire mosquito (4)]
  6072 | D:8      | HP: 16/68 [howler monkey (4)]
  6076 | D:8      | Reached skill level 3 in Short Blades
  6077 | D:8      | Reached skill level 4 in Stealth
  6107 | D:8      | Reached skill level 1 in Invocations
  6272 | D:8      | Reached skill level 2 in Invocations
  6280 | D:8      | Found a staircase to the Lair.
  6344 | D:8      | Found a flagged portal.
  6362 | Bailey   | Entered a bailey
  6417 | Bailey   | Reached skill level 5 in Stealth
  6417 | Bailey   | Reached skill level 3 in Invocations
  6511 | Bailey   | HP: 4/68 [orc warrior/+0 glaive (21)]
  6512 | Bailey   | Reached skill level 4 in Short Blades
  6689 | Bailey   | Noticed an orc knight
  6697 | Bailey   | Killed an orc knight
  6698 | Bailey   | Reached skill level 9 in Fighting
  6698 | Bailey   | Reached skill level 5 in Short Blades
  6733 | Bailey   | Identified the +1 shadow dragon scales of Sangul {Regen+
                  | Dex+3 Stlth++++}
  6737 | Bailey   | Identified the +2 pair of boots of Dust Devil {rC+ Int+5}
  6846 | D:8      | Found a hazy altar of Hepliaklqana.
  6858 | D:8      | Noticed a two-headed ogre
  6865 | D:8      | Killed a two-headed ogre
  6866 | D:8      | Reached skill level 6 in Short Blades
  6866 | D:8      | Gained mutation: When hurt, damage is shared between your
                  | health and your magic reserves. [demonic ancestry]
  6866 | D:8      | Reached XP level 10. HP: 77/77 MP: 16/16
  7191 | D:7      | Reached skill level 10 in Fighting
  7323 | D:7      | Found a basalt altar of Yredelemnul.
  7324 | D:7      | Found a broken altar of Ashenzari.
  7325 | D:7      | Found an ornate altar of the Wu Jian Council.
  7371 | D:7      | Reached skill level 7 in Short Blades
  7381 | D:7      | Killed a skeletal warrior
  7382 | D:7      | Reached skill level 1 in Armour
  7392 | D:7      | Noticed a cyan ugly thing
  7403 | D:7      | Killed a cyan ugly thing
  7404 | D:7      | Reached skill level 2 in Armour
  7469 | D:7      | Noticed a deep elf pyromancer
  7481 | D:7      | Killed a deep elf pyromancer
  7482 | D:7      | Reached skill level 8 in Short Blades
  7482 | D:7      | Reached skill level 3 in Armour
  7607 | Lair:1   | Entered Level 1 of the Lair of Beasts
  7615 | Lair:1   | Noticed a cane toad
  7619 | Lair:1   | Killed a cane toad
  7645 | Lair:1   | Noticed a cane toad
  7649 | Lair:1   | Noticed a cane toad
  7651 | Lair:1   | Killed a cane toad
  7659 | Lair:1   | Noticed a cane toad
  7659 | Lair:1   | Killed a cane toad
  7660 | Lair:1   | Reached skill level 9 in Short Blades
  7660 | Lair:1   | Gained mutation: When low on magic, you restore magic in
                  | place of health. [demonic ancestry]
  7660 | Lair:1   | Reached XP level 11. HP: 83/83 MP: 17/17
  7684 | Lair:1   | Reached skill level 4 in Invocations
  7695 | Lair:1   | Reached skill level 5 in Invocations
  7761 | Lair:1   | Noticed a death yak
  7768 | Lair:1   | Noticed a death yak
  7769 | Lair:1   | Killed a death yak
  7770 | Lair:1   | Noticed a death yak
  7775 | Lair:1   | Noticed a death yak
  7783 | Lair:1   | Killed a death yak
  7784 | Lair:1   | Reached skill level 11 in Fighting
  7791 | Lair:1   | Killed a death yak
  7792 | Lair:1   | Killed a death yak
  7977 | Lair:1   | Reached skill level 12 in Fighting
  8213 | Lair:1   | Reached skill level 6 in Stealth
  8234 | Lair:1   | Reached skill level 10 in Short Blades
  8255 | Lair:1   | Reached XP level 12. HP: 71/94 MP: 10/18
  8664 | Lair:2   | Noticed a six-headed hydra
  8671 | Lair:2   | Killed a six-headed hydra
  8703 | Lair:2   | Found a hole to the Spider Nest.
  8857 | Lair:2   | Reached skill level 7 in Stealth
  8867 | Lair:2   | Reached skill level 6 in Invocations
  9248 | Lair:2   | Reached skill level 4 in Armour
  9248 | Lair:2   | Reached skill level 4 in Dodging
  9620 | Lair:3   | Reached skill level 7 in Invocations
  9942 | Lair:3   | Noticed Fannar
  9955 | Lair:3   | Killed Fannar
 10184 | Lair:3   | Found a staircase to the Shoals.
 10202 | Lair:3   | Reached skill level 5 in Armour
 10202 | Lair:3   | Reached skill level 5 in Dodging
 10202 | Lair:3   | Reached skill level 8 in Stealth
 10350 | Lair:4   | Found a staircase to the Slime Pits.
 10350 | Lair:4   | Found a viscous altar of Jiyva.
 10357 | Lair:4   | Reached skill level 11 in Short Blades
 10412 | Lair:4   | Reached XP level 13. HP: 100/100 MP: 19/19
 10445 | Lair:4   | Identified the +1 ring mail of Ru's Inspiration {Rampage
                  | rC- Regen+}
 10465 | Lair:4   | Reached skill level 8 in Invocations
 10663 | Lair:4   | Reached skill level 5 in Transmutations
 10664 | Lair:4   | Reached skill level 5 in Spellcasting
 10762 | Lair:4   | Reached skill level 9 in Invocations
 10770 | Lair:4   | Reached skill level 6 in Armour
 10799 | Lair:4   | Reached skill level 9 in Stealth
 11049 | Lair:4   | Reached skill level 10 in Invocations
 11485 | Lair:5   | Entered Level 5 of the Lair of Beasts
 11517 | Lair:5   | Reached skill level 1 in Evocations
 11521 | Lair:5   | Reached skill level 7 in Armour
 11607 | Lair:5   | Reached skill level 12 in Short Blades
 11711 | Lair:5   | Gained mutation: You are mostly covered in rugged brown
                  | scales. (AC +2, +5% HP) [demonic ancestry]
 11711 | Lair:5   | Reached XP level 14. HP: 83/109 MP: 21/21
 11748 | Lair:5   | Reached skill level 2 in Evocations
 12032 | Lair:5   | Reached skill level 10 in Stealth
 12042 | Lair:5   | Reached skill level 3 in Evocations
 12233 | Lair:5   | Reached ****** piety under Hepliaklqana
 12247 | Lair:5   | Found a runed translucent gate.
 12247 | Lair:5   | Found a runed translucent gate.
 12254 | Lair:5   | Found a runed translucent gate.
 12255 | Lair:5   | Noticed Soborki's ghost (journeyman MiBe)
 12267 | Lair:5   | Reached skill level 4 in Evocations
 12444 | Lair:5   | Reached skill level 8 in Armour
 12668 | Lair:5   | Reached skill level 5 in Evocations
 12729 | Lair:5   | Reached skill level 13 in Short Blades
 12789 | Lair:5   | Found a corrupted altar of Lugonu.
 12789 | Lair:5   | Found a one-way gate to the infinite horrors of the Abyss.
 12922 | Lair:5   | Noticed Rupert
 13536 | D:9      | Paralysed by a hornet for 3 turns
 13891 | D:10     | Entered Level 10 of the Dungeon
 14467 | D:10     | Noticed Harold
 14473 | D:10     | Killed Harold
 14738 | D:11     | Noticed Urug
 14744 | D:11     | Killed Urug
 14843 | D:11     | Reached skill level 11 in Invocations
 14846 | D:11     | Reached skill level 6 in Dodging
 14903 | D:11     | Noticed Sonja
 14913 | D:11     | HP: 24/109 [Sonja/+2 short sword of distortion (11)]
 14917 | D:11     | Killed Sonja
 14951 | D:11     | Noticed Lodul
 14959 | D:11     | Killed Lodul
 14960 | D:11     | Reached XP level 15. HP: 99/114 MP: 23/23
 14985 | D:11     | Found Uggus's Weapon Shoppe.
 15021 | D:11     | Found a staircase to the Orcish Mines.
 15142 | D:11     | You fall into a shaft and drop 1 floor!
 15248 | D:11     | Found a gate leading to a gauntlet.
 15257 | Gauntlet | Entered a Gauntlet
 15257 | Gauntlet | Found a transporter.
 15261 | Gauntlet | Found a transporter.
 15262 | Gauntlet | Found a large runed translucent door.
 15263 | Gauntlet | Found a large runed translucent door.
 15264 | Gauntlet | Found a large runed translucent door.
 15264 | Gauntlet | Found a large runed translucent door.
 15264 | Gauntlet | Found a transporter.
 15264 | Gauntlet | Found a runed translucent door.
 15291 | Gauntlet | Found a transporter.
 15294 | Gauntlet | Found a transporter.
 15302 | Gauntlet | Found a transporter.
 15320 | Gauntlet | Found a transporter.
 15326 | Gauntlet | Found a transporter.
 15328 | Gauntlet | Found a transporter.
 15330 | Gauntlet | Found a runed translucent gate.
 15331 | Gauntlet | Found a large runed translucent door.
 15331 | Gauntlet | Found a large runed translucent door.
 15332 | Gauntlet | Found a large runed translucent door.
 15333 | Gauntlet | Found a large runed translucent door.
 15334 | Gauntlet | Found a runed translucent gate.
 15368 | Gauntlet | Found a runed translucent gate.
 15369 | Gauntlet | Found a large runed translucent door.
 15369 | Gauntlet | Found a large runed translucent door.
 15370 | Gauntlet | Found a large runed translucent door.
 15371 | Gauntlet | Found a large runed translucent door.
 15372 | Gauntlet | Found a large runed translucent door.
 15372 | Gauntlet | Found a large runed translucent door.
 15372 | Gauntlet | Found a runed translucent door.
 15373 | Gauntlet | Found a large runed translucent door.
 15374 | Gauntlet | Found a large runed translucent door.
 15376 | Gauntlet | Found a transporter.
 15379 | Gauntlet | Found a transporter.
 15389 | Gauntlet | Found a transporter.
 15431 | Gauntlet | Got Sif Muna's Guide on the Swarm and Iniquitous Rites
 15442 | Gauntlet | Identified the +0 pair of gloves of Insurance {rF+ Will+}
 15495 | Gauntlet | Identified the ring "Qitrirhe" {Fire rN+ Will- Str+3}
 15520 | Gauntlet | Reached skill level 7 in Dodging
 15520 | Gauntlet | Reached skill level 12 in Invocations
 15596 | Gauntlet | Identified the +2 chain mail of Huhuz {+Inv Int+7 Dex+4}
 15909 | D:12     | Noticed Kirke
 15917 | D:12     | Noticed a sphinx
 15921 | D:12     | Killed Kirke
 16079 | D:12     | Reached skill level 8 in Dodging
 16515 | D:12     | Found a blossoming altar of Fedhas.
 16516 | D:12     | Found a shimmering altar of Xom.
 16516 | D:12     | Found a shimmering altar of Xom.
 16519 | D:12     | Found an opulent altar of Gozag.
 16534 | D:12     | Reached skill level 6 in Evocations
 16765 | Orc:1    | Entered Level 1 of the Orcish Mines
 16926 | Orc:1    | Noticed Jorgrun
 16943 | Orc:1    | Killed Jorgrun
 17028 | Orc:1    | Found Eputz's General Store.
 17042 | Orc:1    | Bought a scroll of teleportation for 39 gold pieces
 17226 | Orc:1    | Noticed Nergalle
 17232 | Orc:1    | Killed Nergalle
 17388 | Orc:2    | Entered Level 2 of the Orcish Mines
 17388 | Orc:2    | Found Xairy's Antique Armour Shoppe.
 17679 | Orc:2    | Found Zinesen's Armour Boutique.
 17679 | Orc:2    | Found Vudghuu's Distillery.
 17679 | Orc:2    | Found Peomen's Armour Emporium.
 17679 | Orc:2    | Found Xeitulat's Magic Scroll Shop.
 17698 | Orc:2    | Reached skill level 7 in Evocations
 17725 | Orc:2    | Reached skill level 9 in Armour
 17725 | Orc:2    | Reached skill level 9 in Dodging
 17760 | Orc:2    | Bought a scroll of magic mapping for 120 gold pieces
 17760 | Orc:2    | Bought a scroll of teleportation for 48 gold pieces
 17760 | Orc:2    | Bought a scroll of enchant armour for 120 gold pieces
 17760 | Orc:2    | Bought a scroll of teleportation for 48 gold pieces
 17761 | Orc:2    | Bought a potion of haste for 140 gold pieces
 17761 | Orc:2    | Bought a potion of heal wounds for 70 gold pieces
 17786 | Orc:2    | Found a burning altar of Makhleb.
 17901 | Orc:2    | Found a staircase to the Elven Halls.
 18187 | Orc:2    | Bought a smoking scale mail for 252 gold pieces
 18187 | Orc:2    | Identified the +4 scale mail of Irksome Liberty {rN++
                  | Regen+ Int-3 SInv} (You bought it in a shop on level 2 of
                  | the Orcish Mines)
 18187 | Orc:2    | Bought a glowing helmet for 210 gold pieces
 18318 | D:13     | Identified the +5 sling of the Hurtling Gods {antimagic,
                  | Contam rC+ Str+2}
 18400 | D:13     | Reached skill level 8 in Evocations
 18959 | D:13     | Found Vaostraw's Firing Range.
 19076 | D:14     | Found Koiliug's Book Shoppe.
 19226 | D:14     | Found a gate to the Vaults.
 19232 | D:14     | Gained mutation: You punish those that try to bend your
                  | will. (Will+) [demonic ancestry]
 19232 | D:14     | Reached XP level 16. HP: 120/120 MP: 25/25
 19305 | D:14     | Found a transporter.
 19325 | D:14     | Found a runed translucent door.
 19478 | D:14     | Noticed a tentacled monstrosity
 19484 | D:14     | Killed a tentacled monstrosity
 19557 | D:14     | Noticed Fiank's ghost (journeyman DsBe)
 19558 | D:14     | Found a transporter.
 19698 | D:14     | Reached skill level 10 in Dodging
 19698 | D:14     | Reached skill level 9 in Evocations
 19705 | D:14     | Reached skill level 10 in Armour
 19991 | D:14     | Identified the +3 trident of Doom {flame, Drain Fly SInv
                  | Stlth+}
 20090 | D:15     | Entered Level 15 of the Dungeon
 20353 | D:15     | Found a staircase to the Depths.
 20369 | D:15     | Reached skill level 10 in Evocations
 20582 | D:15     | Reached skill level 14 in Short Blades
 21412 | Lair:5   | Killed Rupert
 21588 | Lair:5   | Killed Soborki's ghost
 21779 | Spider:1 | Entered Level 1 of the Spider Nest
 21789 | Spider:1 | Reached skill level 13 in Fighting
 22058 | Spider:1 | Paralysed by a jorogumo for 2 turns
 22264 | Spider:1 | Found a runed translucent door.
 22267 | Spider:1 | Noticed cndvsk's ghost (journeyman MiFi)
 22274 | Spider:1 | Killed cndvsk's ghost
 22477 | Spider:2 | Reached skill level 14 in Fighting
 22602 | Spider:2 | Gained mutation: You are completely covered in rugged brown
                  | scales. (AC +3, +7% HP) [demonic ancestry]
 22602 | Spider:2 | Reached XP level 17. HP: 126/134 MP: 26/26
 22841 | Spider:2 | Reached skill level 13 in Invocations
 22907 | Spider:2 | Identified the +2 robe "Ache Byu" {rPois Will+++ Str-5
                  | Archmagi}
 23349 | Spider:3 | Noticed Donald
 23367 | Spider:3 | Killed Donald
 23930 | Spider:3 | Noticed Azrael
 23949 | Spider:3 | Killed Azrael
 23959 | Spider:3 | Reached skill level 14 in Invocations
 24155 | Spider:4 | Entered Level 4 of the Spider Nest
 24155 | Spider:4 | Noticed Asterion
 24159 | Spider:4 | Killed Asterion
 24160 | Spider:4 | Reached skill level 6 in Spellcasting
 24339 | Spider:4 | Identified Roxanne's Compilation of the Lithosphere
 24339 | Spider:4 | Noticed Roxanne
 24365 | Spider:4 | Killed Roxanne
 24386 | Spider:4 | Noticed Agnes
 24393 | Spider:4 | Killed Agnes
 24394 | Spider:4 | Reached skill level 7 in Spellcasting
 24710 | Spider:4 | Reached skill level 8 in Spellcasting
 24819 | Spider:4 | Noticed Arachne
 24842 | Spider:4 | Killed Arachne
 24850 | Spider:4 | Reached skill level 9 in Spellcasting
 25296 | Spider:4 | Reached skill level 10 in Spellcasting
 25515 | Spider:4 | Got a gossamer rune of Zot
 25819 | Shoals:1 | Entered Level 1 of the Shoals
 25819 | Shoals:1 | Noticed Mlioglotl
 25820 | Shoals:1 | Killed Mlioglotl
 25878 | Shoals:1 | Gained mutation: Your touch may irresistibly damage your
                  | foes and sap their willpower. [demonic ancestry]
 25878 | Shoals:1 | Reached XP level 18. HP: 141/141 MP: 32/32
 25979 | Shoals:1 | Noticed Frances
 25987 | Shoals:1 | Killed Frances
 25998 | Shoals:1 | Reached skill level 11 in Dodging
 26002 | Shoals:1 | Reached skill level 11 in Armour
 26089 | Shoals:1 | HP: 35/141 [poisoned by a sea snake]
 26094 | Shoals:1 | HP: 34/141 [poisoned by a sea snake]
 27078 | Shoals:2 | Noticed Ilsuiw
 27116 | Shoals:2 | Killed Ilsuiw
 27216 | Shoals:2 | Reached skill level 12 in Dodging
 27222 | Shoals:2 | Reached skill level 12 in Armour
 27223 | Shoals:2 | HP: 34/141 [poisoned by a merfolk impaler]
 27520 | Shoals:3 | Reached skill level 1 in Unarmed Combat
 27552 | Shoals:3 | Found a runed translucent door.
 27555 | Shoals:3 | Reached skill level 2 in Unarmed Combat
 27563 | Shoals:3 | Found a shimmering altar of Xom.
 27563 | Shoals:3 | Noticed Cisaothyu's ghost (journeyman TeSu)
 27569 | Shoals:3 | Noticed Nikola
 27580 | Shoals:3 | Reached skill level 3 in Unarmed Combat
 27602 | Shoals:3 | Killed Nikola
 27603 | Shoals:3 | Reached skill level 4 in Unarmed Combat
 27967 | Shoals:3 | Found a radiant altar of Vehumet.
 28119 | Shoals:3 | Killed Cisaothyu's ghost
 28120 | Shoals:3 | Reached skill level 5 in Unarmed Combat
 28145 | Shoals:4 | Entered Level 4 of the Shoals
 28145 | Shoals:4 | Found Kablog's Magic Scroll Shop.
 28149 | Shoals:4 | Bought a scroll of teleportation for 45 gold pieces
 28149 | Shoals:4 | Bought a scroll of teleportation for 45 gold pieces
 28149 | Shoals:4 | Bought 3 scrolls of teleportation for 135 gold pieces
 28149 | Shoals:4 | Bought a scroll of enchant weapon for 112 gold pieces
 28338 | Shoals:4 | Reached skill level 15 in Fighting
 28601 | Shoals:4 | Identified the +0 helmet "Heume" {Rampage rPois Str-5
                  | Slay+4}
 28658 | Shoals:4 | Noticed Louise
 28662 | Shoals:4 | Killed Louise
 28810 | Shoals:4 | Gained mutation: You are resistant to unholy torment.
                  | [demonic ancestry]
 28810 | Shoals:4 | Reached XP level 19. HP: 123/152 MP: 28/33
 28822 | Shoals:4 | Reached skill level 16 in Fighting
 29041 | Shoals:4 | HP: 30/153 [merfolk javelineer/silver javelin (9)]
 29041 | Shoals:4 | HP: 13/153 [alligator snapping turtle (2)]
 29250 | Shoals:4 | Got a barnacled rune of Zot
 29683 | Vaults:1 | Entered Level 1 of the Vaults
 29841 | Vaults:1 | Reached skill level 6 in Unarmed Combat
 29967 | Vaults:1 | Reached skill level 17 in Fighting
 30077 | Vaults:1 | Reached skill level 7 in Unarmed Combat
 30126 | Vaults:1 | Identified the +2 longbow of Action {speed, Str+6}
 30385 | Vaults:1 | Reached skill level 11 in Stealth
 30398 | Vaults:1 | Reached skill level 8 in Unarmed Combat
 30685 | Vaults:1 | Found a portal to a secret trove of treasure.
 30923 | Orc:2    | Bought +2 fire dragon scales for 1080 gold pieces
 31176 | Vaults:1 | You paid a toll of +5 fire dragon scales to enter a
                  | treasure trove
 31177 | Trove    | Entered a treasure trove
 31201 | Trove    | Identified the ring "Wiggoick" {Int+4 SInv}
 31203 | Trove    | Identified the +13 crystal plate armour of Hedging {rPois
                  | Regen+ Int+5}
 31205 | Trove    | Identified the amulet of Doubts {Faith Drain rPois rF-
                  | Dex+9}
 31207 | Trove    | Identified the ring "Xuipp" {rN+ Str+2}
 31211 | Trove    | Identified the +1 storm dragon scales "Myaj Ugy" {rElec
                  | rPois rC+}
 31783 | Vaults:2 | Found a transporter.
 31786 | Vaults:2 | Noticed Mandevil's ghost (adept TrEE)
 31795 | Vaults:2 | Found a transporter.
 31959 | Vaults:2 | Reached skill level 9 in Unarmed Combat
 32255 | Vaults:2 | Identified the +0 scale mail "Doivoh" {Int+5}
 32614 | Vaults:2 | Reached skill level 10 in Unarmed Combat
 32614 | Vaults:2 | Reached XP level 20. HP: 157/164 MP: 32/34
 32691 | Vaults:2 | Reached skill level 12 in Stealth
 32848 | Vaults:2 | Reached skill level 18 in Fighting
 32861 | Vaults:2 | Noticed Zenata
 32869 | Vaults:2 | Killed Zenata
 32976 | Vaults:2 | HP: 41/164 [Mandevil's ghost (17)]
 32981 | Vaults:2 | Killed Mandevil's ghost
 33123 | Vaults:3 | Found the +7 Singing Sword {vorpal, sonic wave}
 33182 | Vaults:3 | Found Imerozxo's Antique Weapon Shoppe.
 33287 | Vaults:3 | Noticed an ancient lich
 33339 | Vaults:3 | Killed an ancient lich
 33453 | Vaults:3 | Found a staircase to the Crypt.
 33568 | Vaults:3 | Reached skill level 13 in Armour
 33948 | Vaults:3 | Reached skill level 11 in Evocations
 34465 | Vaults:4 | Reached skill level 19 in Fighting
 34480 | Vaults:4 | Identified the +0 leather armour of Qeemaa {Dex+3}
 35484 | Vaults:5 | Entered Level 5 of the Vaults
 35495 | Vaults:5 | Reached skill level 14 in Armour
 35495 | Vaults:5 | Reached skill level 12 in Evocations
 35495 | Vaults:5 | Reached XP level 21. HP: 67/174 MP: 13/35
 35516 | Vaults:5 | Noticed a golden dragon
 35543 | Vaults:5 | Killed a golden dragon
 35670 | Vaults:5 | HP: 38/169 [shadow dragon/bolt of negative energy (12)]
 35909 | Vaults:5 | Reached skill level 13 in Evocations
 36072 | Vaults:5 | Found Hot Tone's Weapon Shoppe.
 36076 | Vaults:5 | Noticed a dread lich
 36087 | Vaults:5 | Killed a dread lich
 36122 | Vaults:5 | Got a silver rune of Zot
 36173 | Vaults:5 | Identified the amulet "Ginaugey" {RegenMP rN+}
 36195 | Vaults:5 | Reached skill level 20 in Fighting
 36365 | Vaults:5 | Identified the +2 pair of boots "Bufrain" {rElec rC- Regen+
                  | Str+5}
 36375 | Vaults:5 | Reached skill level 15 in Armour
 36386 | Vaults:5 | Identified the +2 pair of boots of the Elven Halls {rF+}
 36390 | Vaults:5 | Got the Codex of the Tired Stories
 36455 | Vaults:5 | Identified the +6 chain mail of the Three Defenders {rC+++
                  | rN+ Int-2 SInv}
 36495 | Vaults:5 | an acid blob changed into a golden dragon
 36495 | Vaults:5 | Noticed a golden dragon (glowing shapeshifter)
 36497 | Vaults:5 | a golden dragon changed into a fenstrider witch
 36532 | Vaults:5 | Identified the ring "Haebuuph" {Will++ rCorr}
 36537 | Vaults:5 | Identified the +1 ring mail of the Weaver {rF++ rC- Dex+5}
 36546 | Vaults:5 | Identified the +7 chain mail of Least Resistance {rPois
                  | Dex+3}
 36641 | Vaults:5 | Reached skill level 14 in Evocations
 37219 | Depths:1 | Entered Level 1 of the Depths
 37443 | Depths:1 | Learned a level 5 spell: Yara's Violent Unravelling
 37479 | Depths:1 | Learned a level 2 spell: Blink
 37484 | Depths:1 | Learned a level 4 spell: Manifold Assault
 37614 | Depths:1 | Reached skill level 1 in Hexes
 37620 | Depths:1 | Reached skill level 1 in Translocations
 37685 | Depths:1 | Found a gateway to Hell.
 37784 | Depths:1 | Reached skill level 2 in Hexes
 37803 | Depths:1 | Reached XP level 22. HP: 184/184 MP: 36/36
 37839 | Depths:1 | Reached skill level 2 in Translocations
 37839 | Depths:1 | Reached skill level 15 in Evocations
 37875 | Depths:1 | Found Eshefior's General Store.
 37882 | Depths:1 | Bought a potion of heal wounds for 65 gold pieces
 37882 | Depths:1 | Bought a scroll of blinking for 97 gold pieces
 37882 | Depths:1 | Bought a scroll of summoning for 123 gold pieces
 38048 | D:14     | Reached skill level 3 in Hexes
 38057 | D:14     | Killed Fiank's ghost
 38058 | D:14     | Reached skill level 3 in Translocations
 38314 | Depths:2 | Reached skill level 4 in Hexes
 38399 | Depths:2 | Reached skill level 4 in Translocations
 38498 | Depths:2 | Found a one-way gateway to a ziggurat.
 38531 | Depths:2 | Reached skill level 5 in Hexes
 38618 | Depths:2 | Found an opulent altar of Gozag.
 38730 | Depths:2 | Reached skill level 5 in Translocations
 38748 | Depths:2 | Found a one-way gate leading to the halls of Pandemonium.
 38823 | Depths:2 | Found Lalu's Distillery.
 38833 | Depths:2 | Bought a potion of heal wounds for 105 gold pieces
 38833 | Depths:2 | Bought a potion of berserk rage for 105 gold pieces
 39288 | Zig:1    | Entered Level 1 of a ziggurat
 39289 | Zig:1    | Noticed Foqelado the pandemonium lord
 39293 | Zig:1    | Killed Foqelado the pandemonium lord
 39314 | Zig:2    | Entered Level 2 of a ziggurat
 39373 | Zig:3    | Entered Level 3 of a ziggurat
 39423 | Zig:4    | Entered Level 4 of a ziggurat
 39447 | Zig:4    | Reached skill level 13 in Dodging
 39514 | Zig:5    | Entered Level 5 of a ziggurat
 39544 | Zig:5    | Paralysed by accursed screaming for 1 turns
 39881 | Depths:3 | Noticed a golden dragon
 39886 | Depths:3 | Reached skill level 16 in Armour
 39896 | Depths:3 | Killed a golden dragon
 40555 | Depths:3 | Found a broken altar of Ashenzari.
 40975 | Depths:4 | Entered Level 4 of the Depths
 41105 | Depths:4 | Noticed a golden dragon
 41121 | Depths:4 | Reached skill level 14 in Dodging
 41121 | Depths:4 | Killed a golden dragon
 41130 | Depths:4 | Reached XP level 23. HP: 113/190 MP: 31/37
 41577 | Depths:4 | Identified the +8 dire flail "Upysunil" {protect, Dex+3}
 41592 | Depths:4 | Found a hide-covered altar of Uskayaw.
 41661 | Depths:4 | Reached skill level 17 in Armour
 41713 | Depths:4 | Identified the ring of Dyluhout {rPois rN+ Str-4 Dex+8
                  | Stlth-}
 41999 | Depths:4 | Reached skill level 15 in Dodging
 41999 | Depths:4 | Found a gate to the Realm of Zot.
 42893 | Slime:1  | Entered Level 1 of the Pits of Slime
 42978 | Slime:1  | Reached skill level 18 in Armour
 43970 | Slime:4  | Reached skill level 19 in Armour
 44427 | Slime:5  | Entered Level 5 of the Pits of Slime
 44688 | Slime:5  | Noticed the Royal Jelly
 44730 | Slime:5  | Killed the Royal Jelly
 44731 | Slime:5  | Reached XP level 24. HP: 68/197 MP: 28/37
 44871 | Slime:5  | Identified the ring "Esov" {rF+ rC+ rN+ Dex-3 Stlth+}
 44890 | Slime:5  | Identified the +5 rapier of Vaesoiq {protect, Will++ Str+3
                  | Dex+3}
 44892 | Slime:5  | Got a slimy rune of Zot
 44928 | Slime:5  | Reached skill level 20 in Armour
 44947 | Slime:5  | Identified the +6 scimitar "Tutsero" {venom, rF+ rC+ Int-2}
 45324 | Elf:1    | Entered Level 1 of the Elven Halls
 45483 | Elf:1    | Identified the +3 leather armour "Wigisune" {rC+}
 45592 | Elf:1    | Reached skill level 13 in Stealth
 45924 | Elf:1    | Found Afenno's Magic Scroll Shoppe.
 45929 | Elf:1    | Bought a scroll of summoning for 161 gold pieces
 45929 | Elf:1    | Bought a scroll of blinking for 127 gold pieces
 45929 | Elf:1    | Bought a scroll of enchant armour for 127 gold pieces
 46011 | Elf:2    | Reached skill level 14 in Stealth
 46121 | Elf:2    | Found Dualist's Gadget Gallery.
 46304 | Elf:2    | Found a runed translucent gate.
 46304 | Elf:2    | Found a runed translucent gate.
 46313 | Elf:2    | Found a runed translucent gate.
 46357 | Elf:2    | Reached skill level 15 in Stealth
 46827 | Elf:3    | Entered Level 3 of the Elven Halls
 46862 | Elf:3    | Found a runed translucent door.
 46862 | Elf:3    | Noticed Onkax's ghost (adept SpHu)
 46880 | Elf:3    | Killed Onkax's ghost
 46898 | Elf:3    | Identified the +5 scale mail of the Tired Queens {+Blink
                  | rPois Int-4}
 46954 | Elf:3    | Found Tyoveot's Weapon Emporium.
 46972 | Elf:3    | Found Omaoxtil's Assorted Antiques.
 46980 | Elf:3    | Bought a potion of heal wounds for 215 gold pieces
 47040 | Elf:3    | Found Nudeost's Antique Weapon Shop.
 47140 | Elf:3    | Found Unicrat's Distillery.
 47148 | Elf:3    | Bought a potion of berserk rage for 70 gold pieces
 47148 | Elf:3    | Bought a potion of brilliance for 56 gold pieces
 47148 | Elf:3    | Bought a potion of mutation for 112 gold pieces
 47148 | Elf:3    | Bought a potion of cancellation for 112 gold pieces
 47193 | Elf:3    | Found Otim's Antique Armour Shoppe.
 47465 | Elf:3    | Identified the +8 acid dragon scales of Defence {rCorr MP+9
                  | Str+5}
 47471 | Elf:3    | Reached skill level 15 in Invocations
 47485 | Elf:3    | Reached skill level 16 in Stealth
 47741 | Elf:3    | Identified the +5 falchion of Wondrous Power {flame, Drain
                  | rElec rN++ Str-5}
 47817 | Elf:3    | Identified the +5 whip "Taosyata" {freeze, +Blink rF+
                  | rCorr}
 47817 | Elf:3    | Identified the ring "Oxuusy" {rElec rC+ MP+9 Dex+3}
 47879 | Elf:3    | Got the Compendium of the Hummingbird
 47917 | Elf:3    | Identified the +1 scale mail of Analysis {rPois rC+ Int+2}
 48316 | Zot:1    | Entered Level 1 of the Realm of Zot
 48551 | Zot:1    | Reached skill level 6 in Translocations
 48565 | Zot:1    | HP: 39/197 [golden dragon (30)]
 48583 | Zot:1    | Reached skill level 17 in Stealth
 48784 | Zot:1    | Gained mutation: You regenerate a lot of health from kills.
                  | [demonic ancestry]
 48784 | Zot:1    | Reached XP level 25. HP: 203/203 MP: 37/37
 49280 | Zot:2    | Reached skill level 7 in Translocations
 49381 | Zot:2    | Reached skill level 8 in Translocations
 49538 | Zot:2    | Noticed Parghit
 49647 | Zot:2    | Killed Parghit
 49648 | Zot:2    | Reached skill level 18 in Stealth
 50112 | Zot:3    | Reached skill level 9 in Translocations
 50387 | Zot:3    | Noticed an orb of fire
 50389 | Zot:3    | Killed an orb of fire
 50410 | Zot:3    | Learned a level 3 spell: Vhi's Electric Charge
 50447 | Zot:3    | Reached skill level 1 in Air Magic
 50452 | Zot:3    | Reached skill level 2 in Air Magic
 50462 | Zot:3    | Reached skill level 3 in Air Magic
 50525 | Zot:3    | Reached skill level 10 in Translocations
 50529 | Zot:3    | Reached skill level 4 in Air Magic
 50547 | Zot:3    | Reached skill level 5 in Air Magic
 50618 | Zot:3    | Reached skill level 19 in Stealth
 50855 | Zot:3    | Noticed an orb of fire
 50866 | Zot:3    | Gained mutation: You have hidden genetic defects. [an orb
                  | of fire]
 50868 | Zot:3    | Gained mutation: Your muscles are strong. (Str +4, Int/Dex
                  | -1) [an orb of fire]
 51302 | Zot:3    | Killed an orb of fire
 51310 | Zot:3    | Identified the amulet of Wu Jian's Whim {RegenMP rPois
                  | Will++ rCorr Slay-6}
 51642 | Zot:4    | Reached skill level 20 in Stealth
 51677 | Zot:4    | Gained mutation: You can hurl damnation. [demonic ancestry]
 51677 | Zot:4    | Reached XP level 26. HP: 211/211 MP: 37/37
 51693 | Zot:4    | Gained mutation: You are vulnerable to heat. (rF-) [hidden
                  | defects]
 51716 | Zot:3    | Lost mutation: You are vulnerable to heat. (rF-) [potion of
                  | mutation]
 51716 | Zot:3    | Lost mutation: You have hidden genetic defects. [potion of
                  | mutation]
 51716 | Zot:3    | Gained mutation: You have a pair of small antennae on your
                  | head. [potion of mutation]
 51716 | Zot:3    | Gained mutation: Your system is resistant to poisons.
                  | (rPois) [potion of mutation]
 51827 | Zot:4    | Reached skill level 16 in Invocations
 51852 | Zot:3    | HP: 51/211 [golden dragon (5)]
 51862 | Zot:3    | HP: 52/211 [golden dragon/bolt of cold (5)]
 52098 | Zot:4    | Learned a level 6 spell: Dispersal
 52600 | Zot:5    | Entered Level 5 of the Realm of Zot
 52729 | Pan      | Entered Pandemonium
 52755 | Pan      | Noticed Ehong the pandemonium lord
 52774 | Pan      | Killed Ehong the pandemonium lord
 53058 | Pan      | Identified the +3 spear "Ataciz" {antimagic, Str+2}
 53126 | Pan      | Reached skill level 16 in Dodging
 53143 | Pan      | Reached skill level 11 in Translocations
 53143 | Pan      | Reached skill level 17 in Invocations
 53291 | Pan      | Entered the realm of Lom Lobon.
 53531 | Pan      | Noticed Lom Lobon
 53563 | Pan      | Got a magical rune of Zot
 53592 | Pan      | HP: 46/211 [Lom Lobon/great icy blast (32)]
 53874 | Pan      | Reached skill level 12 in Translocations
 53906 | Pan      | Noticed Mennas
 53920 | Pan      | Killed Mennas
 53922 | Pan      | Gained mutation: Your magical capacity is low. (-10% MP) [a
                  | cacodemon]
 53968 | Pan      | Noticed Fodoamul the pandemonium lord
 54016 | Pan      | HP: 49/211 [Executioner (6)]
 54021 | Pan      | HP: 48/211 [Fodoamul the pandemonium lord (24)]
 54031 | Pan      | HP: 41/211 [cacodemon (5)]
 54302 | Pan      | Gained mutation: You have a pair of antennae on your head.
                  | [a cacodemon]
 54452 | Pan      | Entered the realm of Gloorx Vloq.
 54462 | Pan      | Noticed Lom Lobon
 54470 | Pan      | Found an exit through the horrors of the Abyss.
 54600 | Pan      | Reached skill level 18 in Invocations
 54672 | Pan      | Noticed Gloorx Vloq
 54692 | Pan      | Killed Gloorx Vloq
 54696 | Pan      | Reached skill level 13 in Translocations
 54815 | Pan      | Got a dark rune of Zot
 55173 | Pan      | Entered the realm of Cerebov.
 55213 | Pan      | Found the +6 sword of Cerebov {flame}
 55213 | Pan      | Noticed Cerebov
 55220 | Pan      | Reached XP level 27. HP: 161/217 MP: 32/33
 55276 | Pan      | HP: 50/217 [Cerebov/great blast of fire (20)]
 55280 | Pan      | Killed Cerebov
 55281 | Pan      | Reached skill level 17 in Dodging
 55302 | Pan      | Identified the ring "Zaopnini" {Wiz rCorr Str+4 Slay-5
                  | SInv}
 55308 | Pan      | Identified the +9 shortbow of Agony {speed, Fly Int-3
                  | Dex+4}
 55309 | Pan      | Identified the +5 scale mail "Yneror" {*Corrode rC- rN+
                  | Int+7}
 55335 | Pan      | Identified the +1 pair of gloves of Disguise {+Inv Str+2}
 55433 | Pan      | Identified the +1 battleaxe of the Throat {vorpal, Stlth+}
 55437 | Pan      | Identified the ring of Bouwizon {rC+ rCorr Str+6}
 55472 | Pan      | Got a fiery rune of Zot
 55489 | Pan      | Identified the amulet "Yngoll" {Faith rPois Int+2 Dex+4}
 55497 | Pan      | Got the Quarto of Firn and Conflagration
 55529 | Pan      | Reached skill level 14 in Translocations
 55671 | Pan      | Reached skill level 19 in Invocations
 55794 | Pan      | Identified the +7 spear "Ceskia" {flame, *Rage rElec rC+++
                  | Stlth+}
 55970 | Pan      | Noticed Nirysa Paix the pandemonium lord
 55986 | Abyss:4  | Cast into level 4 of the Abyss (Nirysa Paix)
 56015 | Abyss:4  | Found a corrupted altar of Lugonu.
 56249 | Abyss:4  | Reached skill level 15 in Translocations
 56286 | Abyss:4  | Got an abyssal rune of Zot
 56322 | Pan      | Escaped the Abyss
 56399 | Pan      | Noticed Uliott the pandemonium lord
 56453 | Pan      | Noticed Xocroa Tekof the pandemonium lord
 56472 | Pan      | Killed Xocroa Tekof the pandemonium lord
 56473 | Pan      | Reached skill level 20 in Invocations
 56823 | Pan      | Noticed Lom Lobon
 56901 | Pan      | Killed Lom Lobon
 57035 | Pan      | Reached skill level 18 in Dodging
 57244 | Pan      | Gained mutation: Your magical capacity is very low. (-20%
                  | MP) [a cacodemon]
 57252 | Pan      | Gained mutation: Your magical capacity is extremely low.
                  | (-30% MP) [a cacodemon]
 57263 | Pan      | Noticed Donlaoz the pandemonium lord
 57315 | Pan      | Got a demonic rune of Zot
 57401 | Pan      | Identified the +2 scale mail "Xilaluw" {-Cast rElec rF+}
 57437 | Pan      | Reached skill level 11 in Spellcasting
 57450 | Pan      | Found a transporter.
 57518 | Pan      | Found an exit through the horrors of the Abyss.
 57742 | Pan      | Found an exit through the horrors of the Abyss.
 57950 | Pan      | Reached skill level 21 in Invocations
 58176 | Pan      | Noticed Aloid the pandemonium lord
 58186 | Pan      | Killed Aloid the pandemonium lord
 58259 | Pan      | Entered the realm of Mnoleg.
 58302 | Pan      | Gained mutation: You sometimes lose your temper in combat.
                  | [a neqoxec]
 58303 | Pan      | Gained mutation: You are frail. (-10% HP) [a neqoxec]
 58312 | Pan      | Identified the +6 hand axe of Anger {venom, rC+ Str+2}
 58354 | Pan      | Noticed Mnoleg
 58419 | Pan      | Gained mutation: You are very frail. (-20% HP) [a
                  | cacodemon]
 58422 | Pan      | Lost mutation: Your system is resistant to poisons. (rPois)
                  | [a cacodemon]
 58430 | Pan      | Lost mutation: Your muscles are strong. (Str +4, Int/Dex
                  | -1) [a cacodemon]
 58479 | Pan      | Gained mutation: You are occasionally teleported next to
                  | monsters. [a neqoxec]
 58483 | Pan      | Lost mutation: You are occasionally teleported next to
                  | monsters. [a neqoxec]
 58495 | Pan      | Gained mutation: Potions are less effective at restoring
                  | your health. [Mnoleg's mutagenic touch]
 58504 | Pan      | Killed Mnoleg
 58505 | Pan      | Reached skill level 12 in Spellcasting
 58505 | Pan      | Gained mutation: Potions cannot restore your health. [a
                  | cacodemon]
 58522 | Pan      | Got a glowing rune of Zot
 58668 | Pan      | Gained mutation: You are strong-willed. (Will+) [a
                  | cacodemon]
 58704 | Pan      | Lost mutation: You are very frail. (-20% HP) [potion of
                  | mutation]
 58704 | Pan      | Lost mutation: You are strong-willed. (Will+) [potion of
                  | mutation]
 58704 | Pan      | Gained mutation: You are agile. (Dex +4, Str/Int -1)
                  | [potion of mutation]
 58705 | Pan      | Lost mutation: You sometimes lose your temper in combat.
                  | [potion of mutation]
 58705 | Pan      | Lost mutation: You have a pair of antennae on your head.
                  | [potion of mutation]
 58705 | Pan      | Gained mutation: You passively map a small area around you.
                  | [potion of mutation]
 58705 | Pan      | Gained mutation: Your mind is acute. (Int +4, Str/Dex -1)
                  | [potion of mutation]
 58706 | Pan      | Lost mutation: You have a pair of small antennae on your
                  | head. [potion of mutation]
 58706 | Pan      | Lost mutation: You are frail. (-10% HP) [potion of
                  | mutation]
 58706 | Pan      | Gained mutation: You have sharp toenails. [potion of
                  | mutation]
 58706 | Pan      | Gained mutation: You are somewhat resistant to further
                  | mutation. [potion of mutation]
 58712 | Pan      | Lost mutation: Your magical capacity is extremely low.
                  | (-30% MP) [potion of mutation]
 58712 | Pan      | Lost mutation: You are agile. (Dex +4, Str/Int -1) [potion
                  | of mutation]
 58713 | Pan      | Lost mutation: You are somewhat resistant to further
                  | mutation. [potion of mutation]
 58713 | Pan      | Lost mutation: You passively map a small area around you.
                  | [potion of mutation]
 58713 | Pan      | Gained mutation: You sometimes lose your temper in combat.
                  | [potion of mutation]
 58713 | Pan      | Gained mutation: Your muscles are strong. (Str +4, Int/Dex
                  | -1) [potion of mutation]
 58714 | Pan      | Lost mutation: Your muscles are strong. (Str +4, Int/Dex
                  | -1) [potion of mutation]
 58714 | Pan      | Lost mutation: Your magical capacity is very low. (-20% MP)
                  | [potion of mutation]
 58714 | Pan      | Gained mutation: Your muscles are strong. (Str +4, Int/Dex
                  | -1) [potion of mutation]
 58714 | Pan      | Gained mutation: You occasionally lose the ability to read
                  | scrolls when taking damage. [potion of mutation]
 58714 | Pan      | Gained mutation: You expend magic power (3 MP) to
                  | strengthen your wands. [potion of mutation]
 58714 | Pan      | Gained mutation: You are agile. (Dex +4, Str/Int -1)
                  | [potion of mutation]
 58715 | Pan      | Lost mutation: You are agile. (Dex +4, Str/Int -1) [potion
                  | of mutation]
 58715 | Pan      | Lost mutation: Your muscles are strong. (Str +4, Int/Dex
                  | -1) [potion of mutation]
 58715 | Pan      | Lost mutation: You sometimes lose your temper in combat.
                  | [potion of mutation]
 58715 | Pan      | Gained mutation: You are robust. (+10% HP) [potion of
                  | mutation]
 58715 | Pan      | Gained mutation: You possess an exceptional clarity of
                  | mind. [potion of mutation]
 58716 | Pan      | Lost mutation: Your mind is acute. (Int +4, Str/Dex -1)
                  | [potion of mutation]
 58716 | Pan      | Lost mutation: You occasionally lose the ability to read
                  | scrolls when taking damage. [potion of mutation]
 58716 | Pan      | Lost mutation: You are robust. (+10% HP) [potion of
                  | mutation]
 58716 | Pan      | Gained mutation: You have a pair of small antennae on your
                  | head. [potion of mutation]
 58716 | Pan      | Gained mutation: You are somewhat resistant to further
                  | mutation. [potion of mutation]
 58942 | Pan      | Found an exit through the horrors of the Abyss.
 58958 | Pan      | Took an exit into the Abyss.
 58958 | Abyss:4  | Escaped into the Abyss
 58976 | Abyss:4  | Found a blossoming altar of Fedhas.
 58990 | Abyss:4  | Reached skill level 19 in Dodging
 58999 | Abyss:4  | Found a blossoming altar of Fedhas.
 59002 | Depths:2 | Escaped the Abyss
 59028 | Hell     | Entered the Vestibule of Hell
 59028 | Hell     | Noticed Geryon
 59066 | Hell     | Noticed Murray
 59079 | Hell     | Killed Geryon
 59088 | Hell     | Killed Murray
 59094 | Hell     | Reached skill level 13 in Spellcasting
 59157 | Hell     | HP: 45/217 [ancient champion/iron shot (14)]
 59158 | Hell     | Found a gateway to the decaying netherworld of Tartarus.
 59384 | Hell     | Found a gateway to the freezing wastes of Cocytus.
 59578 | Hell     | Found a gateway to the ashen valley of Gehenna.
 59703 | Hell     | Found a gateway to the Iron City of Dis.
 59827 | Tar:1    | Entered Level 1 of Tartarus
 60039 | Tar:3    | HP: 52/217 [??? (5)]
 60044 | Tar:3    | HP: 42/217 [poison (dark miasma)]
 60375 | Tar:4    | Reached skill level 14 in Spellcasting
 60425 | Tar:4    | HP: 45/217 [poisoned by a tainted leviathan (dark miasma)]
 60589 | Tar:5    | Reached skill level 20 in Dodging
 60623 | Tar:5    | Reached skill level 16 in Evocations
 60679 | Tar:5    | Noticed a dread lich
 60693 | Tar:5    | Killed a dread lich
 60917 | Tar:7    | Entered Level 7 of Tartarus
 60930 | Tar:7    | HP: 48/217 [poison (dark miasma)]
 60935 | Hell     | HP: 25/217 [poison (dark miasma)]
 61134 | Tar:2    | Reached skill level 15 in Spellcasting
 61177 | Tar:4    | HP: 48/207 [poison (dark miasma)]
 61401 | Tar:6    | Reached skill level 17 in Evocations
 61424 | Tar:6    | HP: 50/201 [tainted leviathan] (5)]
 61425 | Tar:6    | HP: 24/202 [tainted leviathan] (3)]
 61430 | Tar:6    | HP: 19/205 [poisoned by a tainted leviathan (dark miasma)]
 61694 | Tar:7    | Reached skill level 18 in Evocations
 62137 | Tar:7    | Noticed Ereshkigal
 62202 | Tar:7    | Killed Ereshkigal
 62203 | Tar:7    | Reached skill level 19 in Evocations
 62220 | Tar:7    | Got a bone rune of Zot
 62364 | Coc:1    | Entered Level 1 of Cocytus
 62522 | Coc:1    | HP: 41/217 [hellion/damnation (15)]
 62597 | Coc:2    | Paralysed by a wendigo for 1 turns
 62829 | Coc:4    | Reached skill level 20 in Evocations
 62843 | Coc:5    | Noticed a dread lich
 62854 | Coc:5    | Killed a dread lich
 62863 | Coc:5    | Reached skill level 15 in Short Blades
 62871 | Coc:5    | HP: 30/217 [elemental wellspring/torrent of water (25)]
 62876 | Coc:5    | HP: 29/217 [shard shrike (6)]
 62883 | Coc:5    | HP: 47/217 [??? (5)]
 63012 | Coc:6    | HP: 22/191 [elemental wellspring/torrent of water (33)]
 63016 | Coc:7    | Entered Level 7 of Cocytus
 63019 | Hell     | HP: 16/161 [wendigo (3)]
 63019 | Hell     | HP: 7/161 [wendigo (4)]
 63264 | Dis:1    | Entered Level 1 of the Iron City of Dis
 63280 | Dis:1    | HP: 29/164 [ancient champion/iron shot (29)]
 63283 | Dis:1    | Killed from afar by a quicksilver elemental

Illustrated notes

Levels and vault maps discovered:
D:1:      minmay_arrival_semitransparent, layout_rooms, minmay_bisected
D:2:      layout_basic, ebering_ecumenical_altar_mist, basic_altar,
          serial_shops, shop, dk_vineyard_3
D:3:      layout_loops_ring, dancing_weapons_uskayaw, serial_shops,
          nicolae_shop_temple_entry_statues_fountains, serial_glass,
          glass_columns_b, glass_columns_c, glass_columns_a, glass_columns_c,
          glass_columns_a, glass_columns_c, glass_columns_b, glass_columns_a,
          uniq_grinder, uniq_jessica, uniq_sigmund
D:4:      layout_layer_cave, fedhas_altar_4, minmay_temple_entry_large_hall
D:5:      nicolae_cairo_tiling_very_big, layout_basic, serial_curves,
          eino_curves_01, eino_curves_04, serial_park_tiny_2
D:6:      layout_basic, dreamdust_princess_bridge
D:7:      layout_gridville, grunt_dithmenos_smoke_and_mirrors,
          chequers_temple_overflow_statue_of_worship, serial_shops,
          nicolae_stop_n_shop_2, minmay_the_grid_2x2 [minmay_the_grid_garden,
          minmay_the_grid_broken_lines, minmay_the_grid_pillar_ring,
          minmay_the_grid_prize_big_room]
D:8:      layout_basic, overflow_temple_1_default, lair_entry_dummy,
          enter_bailey_7, minmay_misc_feat_tower
D:9:      layout_loops_cross, kennysheep_mini, nicolae_benzene_ring
D:10:     layout_irregular_city, minivault_23, uniq_harold
D:11:     layout_basic, orc_0_dummy, gauntlet_entry_generic, serial_shops,
          nicolae_take_the_stairs, chequers_jeans, uniq_sonja, uniq_lodul,
          uniq_urug
D:12:     layout_loops_ring, doesnt_xom_only_xom, uniq_kirke
D:13:     layout_gridville, nicolae_shop_firing_range
D:14:     cheibrodos_body_horror, layout_loops_ring, david_vaults_2,
          serial_shops, nicolae_stop_n_shop_1, gammafunk_ghost_mausoleum
D:15:     hangedman_depths_entry_civil_slaughter, layout_grid_maze
Temple:   nicolae_temple_two_arcs
Lair:1:   layout_chaotic_city, grunt_megastairs_2, lemuel_fruit_tree,
          infiniplex_staircase_pool_2, serial_bayou_shore_a
Lair:2:   layout_chaotic_city, nicolae_spider_entry_tight_spaces
Lair:3:   layout_chaotic_city, minmay_shoals_entry_lonely_mermaid, uniq_fannar
Lair:4:   layout_roguey [special_room_bee], slime_entry_1, special_room
          [special_room_mythical_zoo], st_stairs_7
Lair:5:   hellmonk_lair_end_abyssal_woods, layout_small_grid,
          gammafunk_ghost_split, serial_bayou, serial_bayou_pond_c,
          serial_bayou_lake_a, serial_bayou_ford_a, serial_bayou_pond_b,
          serial_bayou_pond_e, nicolae_quartered_pool_impasse, st_stairs_13,
          uniq_rupert
Shoals:1: layout_shoals, dpeg_stationary_puzzle, uniq_mlioglotl, uniq_frances
Shoals:2: layout_shoals, nicolae_shoals_mertower, uniq_ilsuiw
Shoals:3: layout_shoals, ebering_ghost_xom, lemuel_centaur_altar, uniq_nikola
Shoals:4: shoals_end_hangedman, layout_shoals, serial_shops,
          nicolae_shop_hallway_stairs, uniq_louise
Spider:1: layout_spider_delve, ebering_ghost_reflecting_pool
Spider:2: layout_spider_delve, hangedman_spider_tarantella_strand
Spider:3: layout_spider_delve, drop_trap, uniq_azrael, uniq_donald
Spider:4: grunt_spider_rune_circles, drop_trap, uniq_asterion, uniq_agnes,
          uniq_roxanne, uniq_arachne
Slime:1:  layout_caves
Slime:2:  layout_caves, cheibrodos_slime_lost_civilization_6
Slime:3:  layout_caves
Slime:4:  layout_caves
Slime:5
Orc:1:    layout_caves, serial_shops, nicolae_shop_advertising_works
          [nicolae_subvault_shop_adworks], uniq_jorgrun, uniq_nergalle
Orc:2:    st_orc_ogre_mass, layout_caves, basic_altar, serial_shops, shop
Elf:1:    minmay_shoctagon, layout_loops_ring, serial_shops,
          nicolae_shop_hallway_plus, hangedman_elf_represent
Elf:2:    nicolae_elf_blades_splatter_lattice
          [nicolae_vaults_blade_armed_guards], layout_loops_ring,
          grunt_ministairs_3, nicolae_shop_gadgets
Elf:3:    minmay_elf_hall_x, layout_geoelf_castle,
          hellmonk_ghost_happy_afterlife, serial_shops, nicolae_diamond_shop,
          nicolae_shop_bloodbath_and_beyond, shop_fountains,
          nicolae_shop_waterfront, shop, hellmonk_bongcloud_opening
Vaults:1: v_misc_33, ontoclasm_vaults_ring_square, v_misc_5,
          vaults_standard_mumra_enter_the_diamond, nicolae_vaults_network_star,
          v_misc_31, v_misc_26, vaults_dpeg_spiral,
          nicolae_vaults_little_squares_6, layout_vaults_big_room,
          nicolae_trove_entry_columns
Vaults:2: gammafunk_ghost_arena, hangedman_vaults_stitches,
          ontoclasm_vaults_ligature, ontoclasm_vaults_loading_screen, v_misc_25,
          nicolae_vaults_alarming, hangedman_vaults_corner,
          nicolae_vaults_asterisk, vaults_dpeg_encased_lava, v_rooms_4,
          nicolae_vaults_statue_guard, v_pattern_5, vaults_room_fours,
          nicolae_vaults_gold_heap, grunt_vaults_hallway_short,
          layout_vaults_omnicross, uniq_zenata
Vaults:3: vaults_room_octagon, nicolae_vaults_ring_of_whatevers,
          ontoclasm_vaults_gallery, nicolae_vaults_ninety_degrees,
          nicolae_vaults_network_square, v_misc_22, v_misc_22,
          ontoclasm_vaults_loading_screen, v_misc_19,
          vaults_room_grunt_arrival_ludios, vaults_mumra_hex, v_misc_23,
          layout_vaults_ring, serial_shops, nicolae_shop_statue_plus
Vaults:4: hangedman_vaults_trim, hangedman_vaults_pinch, ontoclasm_vaults_spin,
          nicolae_vaults_what_the_h, ontoclasm_vaults_idyll, vaults_room_fours,
          layout_vaults_quadrants
Vaults:5: serial_shops
Depths:1: layout_cave_pools, abyss_entry_small_statue_room, hell_entry,
          hallowed_hall, minmay_shop_star
Depths:2: nzn_winding_woodlands_small [nzn_winding_woodlands_5x15_eye,
          nzn_winding_woodlands_center_garden,
          nzn_winding_woodlands_5x15_pathside_ponds], layout_long_grid,
          enter_ziggurat_a, pan_entry, hell_entry, serial_shops,
          nicolae_shop_hallway_stairs, minmay_misc_feat_hallway,
          nicolae_gozag_cash_rules_everything_around_me
Depths:3: minmay_stepped, layout_basic, cheibrodos_ashenzari_chains,
          abyss_entry, hellmouth_1, minmay_staircase_bubble
Depths:4: lemuel_castle_with_subvaults [lemuel_castle_interior_carwin_3],
          layout_basic, nicolae_abyss_entry_one_way_or_another,
          lemuel_doored_altar, hangedman_coc_ice_floe
Hell
Dis:1:    layout_gridville
Coc:1:    layout_ice_bergs, nicolae_hells_hurtin_island
Coc:2:    layout_cocytus_water_paths
Coc:3:    layout_ice_bergs
Coc:4:    layout_ice_bergs, serial_ice, serial_ice_h, serial_ice_e, serial_ice_n
Coc:5:    layout_ice_bergs
Coc:6:    layout_cocytus_water_paths
Coc:7:    coc_hangedman
Tar:1:    layout_grid_maze, nicolae_tar_cuneiform_two
Tar:2:    nicolae_tar_intersect_combbox, layout_cathedral_of_symmetry
Tar:3:    layout_grid_maze
Tar:4:    nicolae_tar_tart_auras, layout_cathedral_of_symmetry,
          lemuel_nasty_fountain
Tar:5:    layout_grid_maze
Tar:6:    layout_cathedral_of_symmetry
Tar:7:    tar_mu [tar_mu_maze]
Zot:1:    layout_onion_interference
Zot:2:    layout_cellular_growth, uniq_parghit
Zot:3:    minmay_elemental_castle, layout_gridlike, st_single_dragon_hoard_1
Zot:4:    layout_misc_corridors
Zot:5:    layout_concentric_octagons, nicolae_transporter_circle

Skill      XL: |  1  2  3  4  5  6  7  8  9 10 11 12 13 14 15 16 17 18 19 20 21 22 23 24 25 26 27 |
---------------+----------------------------------------------------------------------------------+-----
Long Blades    | 3 4 5 |  5.0
Stealth        | 2 3 5 6 8 9 10 11 12 17 20 | 20.0
Dodging        | 3 5 6 9 10 12 14 15 16 20 | 20.0
Fighting       | 4 6 7 8 9 10 12 14 15 17 19 20 | 20.0
Spellcasting   | 2 4 5 10 15 | 15.0
Transmutations | 2 4 5 |  5.0
Short Blades   | 2 6 9 10 11 12 13 14 15 | 15.4
Invocations    | 3 5 7 10 11 12 14 15 18 21 | 21.0
Armour         | 3 5 7 8 9 10 12 14 15 16 19 20 | 20.0
Evocations     | 1 5 8 10 12 14 15 20 | 20.0
Unarmed Combat | 5 10 | 10.0
Hexes          | 2 5 |  5.0
Translocations | 1 5 6 10 13 15 | 15.0
Air Magic      | 5 |  5.0

Action                   |  1- 3 |  4- 6 |  7- 9 | 10-12 | 13-15 | 16-18 | 19-21 | 22-24 | 25-27 || total
-------------------------+-------+-------+-------+-------+-------+-------+-------+-------+-------++-------
Melee: Falchion          |    60 |    33 |    60 |       |       |       |       |       |       ||   153
       Punch             |     1 |       |       |     8 |    16 |    27 |    97 |   165 |   341 ||   655
       Touch             |     6 |    10 |    24 |    73 |   198 |   282 |   274 |   420 |   779 ||  2066
       Long sword        |       |       |    28 |       |       |       |       |       |       ||    28
       Headbutt          |       |       |     1 |       |       |     2 |       |       |       ||     3
       Rapier            |       |       |    88 |   325 |   899 |  1322 |  1135 |  1633 |  3092 ||  8494
 Cast: Beastly Appendage |       |       |     1 |       |       |     1 |       |       |       ||     2
       Vhi's Electric Ch |       |       |       |       |       |       |       |       |     8 ||     8
       Manifold Assault  |       |       |       |       |       |       |       |       |     4 ||     4
       Dispersal         |       |       |       |       |       |       |       |       |    11 ||    11
Invok: Ancestor Life: Kn |     1 |       |       |       |       |       |       |       |       ||     1
       Ancestor Identity |     1 |       |       |       |       |       |       |       |       ||     1
       Recall Ancestor   |       |       |     1 |     2 |     3 |       |     1 |     1 |    16 ||    24
       Transference      |       |       |     1 |     1 |     1 |       |     4 |     5 |     2 ||    14
       Idealise          |       |       |       |     4 |     8 |     7 |     9 |     7 |    23 ||    58
 Abil: Hurl Damnation    |       |       |       |       |       |       |       |       |     1 ||     1
Evoke: Wand              |       |     3 |       |       |       |     3 |       |       |    15 ||    21
       Box of beasts     |       |       |       |       |       |     3 |     3 |     5 |     4 ||    15
       Phial of floods   |       |       |       |       |       |     2 |     3 |     1 |     3 ||     9
       Phantom mirror    |       |       |       |       |       |     2 |     2 |     2 |     6 ||    12
       Condenser vane    |       |       |       |       |       |     2 |     6 |     7 |    12 ||    27
       Lightning rod     |       |       |       |       |       |       |     4 |     5 |     1 ||    10
  Use: Potion            |       |     4 |     5 |       |     1 |     3 |     6 |     4 |    44 ||    67
       Scroll            |       |       |       |    12 |    15 |     1 |     7 |    10 |    32 ||    77
 Stab: Sleeping          |     6 |     3 |    10 |    18 |    43 |    56 |    43 |    33 |    20 ||   232
       Distracted        |       |       |     6 |     3 |    13 |    17 |    16 |    30 |   106 ||   191
       Petrifying        |       |       |       |       |     2 |       |       |       |       ||     2
       Petrified         |       |       |       |       |     1 |       |       |       |       ||     1
       Paralysed         |       |       |       |       |       |       |       |       |     1 ||     1
Armor: Robe              |    10 |     4 |    13 |       |       |       |       |       |       ||    27
       Leather armour    |       |       |    29 |       |       |       |       |       |       ||    29
       Shadow dragon sca |       |       |     1 |   154 |   443 |   891 |   545 |       |       ||  2034
       Skin              |       |       |       |       |       |     3 |       |       |       ||     3
       Pearl dragon scal |       |       |       |       |       |       |    10 |   657 |  1506 ||  2173
Dodge: Dodged            |    31 |    18 |   130 |    78 |   237 |   587 |   288 |   903 |  2602 ||  4874
       Repelled          |       |       |       |       |       |     5 |     4 |    48 |    37 ||    94

Table legend: (Time is in decaauts)
 A = Elapsed time spent in this place.
 B = Non-inter-level travel time spent in this place.
 C = Inter-level travel time spent in this place.
 D = Time resting spent in this place.
 E = Time spent auto-exploring this place.
 F = Levels seen in this place.
 G = Mean time per level.
                   A        B        C        D        E       F      G
               +--------+--------+--------+--------+--------+-----+--------+
         Total |  59893 |  54937 |   4956 |   4703 |  25729 |  96 |  623.9 |
       Dungeon |  14393 |  12598 |   1795 |    629 |   7506 |  15 |  959.5 |
        Temple |      1 |      1 |      0 |      0 |      0 |   1 |    1.0 |
          Lair |   6032 |   5343 |    689 |    233 |   2938 |   5 | 1206.4 |
        Shoals |   3698 |   3532 |    166 |    204 |   1858 |   4 |  924.5 |
   Spider Nest |   3722 |   3482 |    240 |    250 |   1873 |   4 |  930.5 |
    Slime Pits |   2048 |   1884 |    164 |    197 |    858 |   5 |  409.6 |
  Orcish Mines |   1571 |   1276 |    295 |      0 |    653 |   2 |  785.5 |
   Elven Halls |   2553 |   2357 |    196 |     24 |   1073 |   3 |  851.0 |
        Vaults |   6701 |   6162 |    539 |    324 |   3429 |   5 | 1340.2 |
        Depths |   4722 |   4352 |    370 |    241 |   2500 |   4 | 1180.5 |
          Hell |   1067 |    922 |    145 |    280 |    228 |   1 | 1067.0 |
           Dis |     12 |     12 |      0 |      0 |      0 |   1 |   12.0 |
       Cocytus |    602 |    602 |      0 |     84 |     87 |   7 |   86.0 |
      Tartarus |   2231 |   2031 |    200 |    593 |    356 |   7 |  318.7 |
           Zot |   4030 |   3879 |    151 |    557 |   1746 |   5 |  806.0 |
         Abyss |    297 |    297 |      0 |      0 |      0 |   2 |  148.5 |
   Pandemonium |   5139 |   5139 |      0 |   1001 |    273 |  17 |  302.3 |
      Ziggurat |    274 |    274 |      0 |     83 |      0 |   5 |   54.8 |
         Trove |     49 |     49 |      0 |      0 |      0 |   1 |   49.0 |
        Bailey |    399 |    399 |      0 |      0 |    215 |   1 |  399.0 |
      Gauntlet |    342 |    342 |      0 |      0 |    133 |   1 |  342.0 |
               +--------+--------+--------+--------+--------+-----+--------+

Top non-repeatable levels by time:
  Lair:5: 1708 daAuts
   Zot:3: 1652 daAuts
Vaults:1: 1569 daAuts
Depths:4: 1553 daAuts
     D:4: 1433 daAuts
Spider:4: 1395 daAuts
Vaults:2: 1390 daAuts
Vaults:4: 1368 daAuts
Depths:3: 1346 daAuts
    D:14: 1341 daAuts
Vaults:5: 1315 daAuts
Shoals:4: 1238 daAuts
  Lair:4: 1193 daAuts
  Lair:1: 1185 daAuts
   Elf:3: 1143 daAuts
